Workbook
Name Common_Name: Lists!$B$2:$B$134
Name Common_Name_1: OFFSET(Lists!$D$2:$D$20,0,0,COUNT(Lists!$C$2:$C$20),1)
Name Common_Name_2: Lists!$E$2:$E$19
Name Country: Lists!$L$2:$L$233
Name Intended_Use: Lists!$D$23:$D$26
Name Option_1: Lists!$A$22:$A$23
Name Origin: Lists!$D$29:$D$32
Name Port_of_Exit: Lists!$J$2:$J$343
Name Quarter: Lists!$G$2:$G$5
Name Year: Lists!$H$2:$H$10

Sheet Quarterly Information
F1: OMB Control Number: 2060-0734
F2: Expiration Date: 12/31/2024
B4: American Innovation and Manufacturing Act - HFC Exporter Quarterly Report
B6: Worksheet Instructions:
B7: Complete and submit an HFC Exporter Quarterly Report if your company exports HFCs. Section 1 must be completed prior to submission. Section 2 must be completed if your company exported HFCs during the reporting quarter; if no HFCs were exported during the quarter, Section 2 may be left blank. Section 3 is automatically populated based on data entered in Section 2. Section 4 must be completed if your company is reporting quarter 4 activity.
B8: Version:
B9: r0.5
B10: Updated:
B11: 45497
B12: External Links:
B13: HFC Allocation Rule Reporting HelpDesk | C13: AIM Act Paperwork Reduction Act Burden
B14: Reporting Form Navigation:
B15: Section 1 - Company Identification | C15: Section 3 - Export Summary
B16: Section 2 - Export Information | C16: Section 4 - End-of-Year Inventory
B18: EPA may request additional information or ask follow up questions to verify the accuracy of this submission and supporting documentation, including pursuant to CAA section 114 as authorized under the AIM Act.
B21: Section 1 - Company Identification
B22: Instructions: Complete the following company information.
B23: Company Name:
B24: Company ID:
B25: Reporting Year:
B26: Reporting Quarter:
B27: Employer Identification Number (EIN):
B29: Were HFCs exported during the reporting quarter?
B31: Section 2 - Export Information
B32: Instructions: Provide the following information for each HFC export shipment that took place during the quarter. If no HFCs were exported, the table may be left blank. As a reminder, if HFCs were exported for second party transformation or second party destruction, the invoice or sales agreement containing language similar to the transformation verifications that importers use, or destruction verifications showing that the purchaser or recipient intends to destroy the HFCs must be provided to EPA along with the submission of this report. §84.31(d)(1)(vii)
B34: HFC Export Data
B35: 1 | C35: 2 | D35: 3 | E35: 4 | F35: 5 | G35: 6 | H35: 7 | I35: 8 | J35: 9a | K35: 9b | L35: 9c | M35: 9d | N35: 9e | O35: 9f | P35: 9g | Q35: 9h | R35: 9i | S35: 9j | T35: 10 | U35: 11 | V35: 12 | W35: 13 | X35: 14 | Y35: 15 | Z35: 16 | AA35: 17
B36: Transaction Number | C36: Date of Export §84.31(d)(1)(iv) | D36: Shipment Reference Number | E36: Port of Exit §84.31(d)(1)(iv) | F36: HTS Code §84.31(d)(1)(vi) | G36: Country to which the HFCs were Exported §84.17(d)(1)(v) | H36: HFC or HFC Blend Exported §84.31(d)(1)(iii) | I36: Quantity of HFC or HFC Blend Exported (kg) §84.31(d)(1)(iii) | J36: Blend Information | T36: Recipient Company §84.31(d)(1)(i) | U36: Recipient Company Address §84.31(d)(1)(i) | V36: Recipient Company City §84.31(d)(1)(i) | W36: Recipient Company Country §84.31(d)(1)(v) | X36: Recipient Company Province | Y36: Recipient Company Postal Code | Z36: Transaction Type §84.31(d)(1)(iii) | AA36: Intended Use §84.31(d)(1)(vii)
J37: HFC Exported (1) | K37: HFC Composition of Blend (1) (%) | L37: HFC Exported (2) | M37: HFC Composition of Blend (2) (%) | N37: HFC Exported (3) | O37: HFC Composition of Blend (3) (%) | P37: HFC Exported (4) | Q37: HFC Composition of Blend (4) (%) | R37: HFC Exported (5) | S37: HFC Composition of Blend (5) (%)
AK38: HFC
AF39: HFC Exported (1) | AG39: HFC Exported (2) | AH39: HFC Exported (3) | AI39: HFC Exported (4) | AJ39: HFC Exported (5)
A40: 1 | B40: =IF(C40>0,A40,"") | AF40: =K40*I40 -> 0 | AG40: =M40*I40 -> 0 | AH40: =O40*I40 -> 0 | AI40: =Q40*I40 -> 0 | AJ40: =S40*I40 -> 0 | AK40: =VLOOKUP($H40,Lists!$B$2:$B$133,1,FALSE) -> #N/A
A41: 2 | B41: =IF(C41>0,A41,"") | AF41: =K41*I41 -> 0 | AG41: =M41*I41 -> 0 | AH41: =O41*I41 -> 0 | AI41: =Q41*I41 -> 0 | AJ41: =S41*I41 -> 0 | AK41: =VLOOKUP($H41,Lists!$B$2:$B$133,1,FALSE) -> #N/A
A42: 3 | B42: =IF(C42>0,A42,"") | AF42: =K42*I42 -> 0 | AG42: =M42*I42 -> 0 | AH42: =O42*I42 -> 0 | AI42: =Q42*I42 -> 0 | AJ42: =S42*I42 -> 0 | AK42: =VLOOKUP($H42,Lists!$B$2:$B$133,1,FALSE) -> #N/A
A43: 4 | B43: =IF(C43>0,A43,"") | AF43: =K43*I43 -> 0 | AG43: =M43*I43 -> 0 | AH43: =O43*I43 -> 0 | AI43: =Q43*I43 -> 0 | AJ43: =S43*I43 -> 0 | AK43: =VLOOKUP($H43,Lists!$B$2:$B$133,1,FALSE) -> #N/A
A44: 5 | B44: =IF(C44>0,A44,"") | AF44: =K44*I44 -> 0 | AG44: =M44*I44 -> 0 | AH44: =O44*I44 -> 0 | AI44: =Q44*I44 -> 0 | AJ44: =S44*I44 -> 0 | AK44: =VLOOKUP($H44,Lists!$B$2:$B$133,1,FALSE) -> #N/A
A45: 6 | B45: =IF(C45>0,A45,"") | AF45: =K45*I45 -> 0 | AG45: =M45*I45 -> 0 | AH45: =O45*I45 -> 0 | AI45: =Q45*I45 -> 0 | AJ45: =S45*I45 -> 0 | AK45: =VLOOKUP($H45,Lists!$B$2:$B$133,1,FALSE) -> #N/A
A46: 7 | B46: =IF(C46>0,A46,"") | AF46: =K46*I46 -> 0 | AG46: =M46*I46 -> 0 | AH46: =O46*I46 -> 0 | AI46: =Q46*I46 -> 0 | AJ46: =S46*I46 -> 0 | AK46: =VLOOKUP($H46,Lists!$B$2:$B$133,1,FALSE) -> #N/A
A47: 8 | B47: =IF(C47>0,A47,"") | AF47: =K47*I47 -> 0 | AG47: =M47*I47 -> 0 | AH47: =O47*I47 -> 0 | AI47: =Q47*I47 -> 0 | AJ47: =S47*I47 -> 0 | AK47: =VLOOKUP($H47,Lists!$B$2:$B$133,1,FALSE) -> #N/A
A48: 9 | B48: =IF(C48>0,A48,"") | AF48: =K48*I48 -> 0 | AG48: =M48*I48 -> 0 | AH48: =O48*I48 -> 0 | AI48: =Q48*I48 -> 0 | AJ48: =S48*I48 -> 0 | AK48: =VLOOKUP($H48,Lists!$B$2:$B$133,1,FALSE) -> #N/A
A49: 10 | B49: =IF(C49>0,A49,"") | AF49: =K49*I49 -> 0 | AG49: =M49*I49 -> 0 | AH49: =O49*I49 -> 0 | AI49: =Q49*I49 -> 0 | AJ49: =S49*I49 -> 0 | AK49: =VLOOKUP($H49,Lists!$B$2:$B$133,1,FALSE) -> #N/A
A50: 11 | B50: =IF(C50>0,A50,"") | AF50: =K50*I50 -> 0 | AG50: =M50*I50 -> 0 | AH50: =O50*I50 -> 0 | AI50: =Q50*I50 -> 0 | AJ50: =S50*I50 -> 0 | AK50: =VLOOKUP($H50,Lists!$B$2:$B$133,1,FALSE) -> #N/A
A51: 12 | B51: =IF(C51>0,A51,"") | AF51: =K51*I51 -> 0 | AG51: =M51*I51 -> 0 | AH51: =O51*I51 -> 0 | AI51: =Q51*I51 -> 0 | AJ51: =S51*I51 -> 0 | AK51: =VLOOKUP($H51,Lists!$B$2:$B$133,1,FALSE) -> #N/A
... A789: 750 | B789: =IF(C789>0,A789,"") | AF789: =K789*I789 -> 0 | AG789: =M789*I789 -> 0 | AH789: =O789*I789 -> 0 | AI789: =Q789*I789 -> 0 | AJ789: =S789*I789 -> 0 | AK789: =VLOOKUP($H789,Lists!$B$2:$B$133,1,FALSE) -> #N/A
B791: This collection of information is approved by OMB under the Paperwork Reduction Act, 44 U.S.C. 3501 et seq. (OMB Control No. 2060-0734). Responses to this collection of information are mandatory (40 CFR 84.31). An agency may not conduct or sponsor, and a person is not required to respond to, a collection of information unless it displays a currently valid OMB control number. The public reporting and recordkeeping burden for this collection of information is estimated to be 16 hours per response. Send comments on the Agency’s need for this information, the accuracy of the provided burden estimates and any suggested methods for minimizing respondent burden including through the use of automated collection techniques to the Director, Regulatory Support Division, U.S. Environmental Protection Agency (2821T), 1200 Pennsylvania Ave., NW, Washington, D.C. 20460. Include the OMB control number in any correspondence. Do not send the completed form to this address.
B797: EPA Form # 5900-548

Sheet Export Summary
D1: OMB Control Number: 2060-0734
D2: Expiration Date: 12/31/2024
B4: American Innovation and Manufacturing Act - HFC Exporter Quarterly Report
B6: Worksheet Instructions:
B7: Complete and submit an HFC Exporter Quarterly Report if your company exports HFCs. Section 1 must be completed prior to submission. Section 2 must be completed if your company exported HFCs during the reporting quarter; if no HFCs were exported during the quarter, Section 2 may be left blank. Section 3 is automatically populated based on data entered in Section 2. Section 4 must be completed if your company is reporting quarter 4 activity.
B8: Version:
B9: ='Quarterly Information'!B9 -> r0.5
B10: Updated:
B11: ='Quarterly Information'!B11 -> 45497
B12: External Links:
B13: HFC Allocation Rule Reporting HelpDesk | C13: AIM Act Paperwork Reduction Act Burden
B14: Reporting Form Navigation:
B15: Section 1 - Company Identification | C15: Section 3 - Export Summary
B16: Section 2 - Export Information | C16: Section 4 - End-of-Year Inventory
B18: Section 3 - Quarterly Export Summary
B19: Instructions: The values in the table below are calculated based on data entered in Section 2. If the totals appear to be incorrect, please return to Section 2 to review your data.
B22: Export Summary
B23: 1 | C23: 2
B24: HFC Exported | C24: Total Quantity Exported (kg)
A26: 1 | B26: HFC-23 | C26: =SUMIF('Quarterly Information'!$H$40:$H$789,B26,'Quarterly Information'!$I$40:$I$789)+SUMIF('Quarterly Information'!$J$40:$J$789,'Export Summary'!B26,'Quarterly Information'!$AF$40:$AF$789)+SUMIF('Quarterly Information'!$L$40:$L$789,'Export Summary'!B26,'Quarterly Information'!$AG$40:$AG$789)+SUMIF('Quarterly Information'!$N$40:$N$789,'Export Summary'!B26,'Quarterly Information'!$AH$40:$AH$789)+SUMIF('Quarterly Information'!$P$40:$P$789,'Export Summary'!B26,'Quarterly Information'!$AI$40:$AI$789)+SUMIF('Quarterly Information'!$R$40:$R$789,'Export Summary'!B26,'Quarterly Information'!$AJ$40:$AJ$789)+Blends!$M$116 -> 0
A27: 2 | B27: HFC-32 | C27: =SUMIF('Quarterly Information'!$H$40:$H$789,B27,'Quarterly Information'!$I$40:$I$789)+SUMIF('Quarterly Information'!$J$40:$J$789,'Export Summary'!B27,'Quarterly Information'!$AF$40:$AF$789)+SUMIF('Quarterly Information'!$L$40:$L$789,'Export Summary'!B27,'Quarterly Information'!$AG$40:$AG$789)+SUMIF('Quarterly Information'!$N$40:$N$789,'Export Summary'!B27,'Quarterly Information'!$AH$40:$AH$789)+SUMIF('Quarterly Information'!$P$40:$P$789,'Export Summary'!B27,'Quarterly Information'!$AI$40:$AI$789)+SUMIF('Quarterly Information'!$R$40:$R$789,'Export Summary'!B27,'Quarterly Information'!$AJ$40:$AJ$789)+Blends!$N$116 -> 0
A28: 3 | B28: HFC-41 | C28: =SUMIF('Quarterly Information'!$H$40:$H$789,B28,'Quarterly Information'!$I$40:$I$789)+SUMIF('Quarterly Information'!$J$40:$J$789,'Export Summary'!B28,'Quarterly Information'!$AF$40:$AF$789)+SUMIF('Quarterly Information'!$L$40:$L$789,'Export Summary'!B28,'Quarterly Information'!$AG$40:$AG$789)+SUMIF('Quarterly Information'!$N$40:$N$789,'Export Summary'!B28,'Quarterly Information'!$AH$40:$AH$789)+SUMIF('Quarterly Information'!$P$40:$P$789,'Export Summary'!B28,'Quarterly Information'!$AI$40:$AI$789)+SUMIF('Quarterly Information'!$R$40:$R$789,'Export Summary'!B28,'Quarterly Information'!$AJ$40:$AJ$789) -> 0
A29: 4 | B29: HFC-43-10mee | C29: =SUMIF('Quarterly Information'!$H$40:$H$789,B29,'Quarterly Information'!$I$40:$I$789)+SUMIF('Quarterly Information'!$J$40:$J$789,'Export Summary'!B29,'Quarterly Information'!$AF$40:$AF$789)+SUMIF('Quarterly Information'!$L$40:$L$789,'Export Summary'!B29,'Quarterly Information'!$AG$40:$AG$789)+SUMIF('Quarterly Information'!$N$40:$N$789,'Export Summary'!B29,'Quarterly Information'!$AH$40:$AH$789)+SUMIF('Quarterly Information'!$P$40:$P$789,'Export Summary'!B29,'Quarterly Information'!$AI$40:$AI$789)+SUMIF('Quarterly Information'!$R$40:$R$789,'Export Summary'!B29,'Quarterly Information'!$AJ$40:$AJ$789) -> 0
A30: 5 | B30: HFC-125 | C30: =SUMIF('Quarterly Information'!$H$40:$H$789,B30,'Quarterly Information'!$I$40:$I$789)+SUMIF('Quarterly Information'!$J$40:$J$789,'Export Summary'!B30,'Quarterly Information'!$AF$40:$AF$789)+SUMIF('Quarterly Information'!$L$40:$L$789,'Export Summary'!B30,'Quarterly Information'!$AG$40:$AG$789)+SUMIF('Quarterly Information'!$N$40:$N$789,'Export Summary'!B30,'Quarterly Information'!$AH$40:$AH$789)+SUMIF('Quarterly Information'!$P$40:$P$789,'Export Summary'!B30,'Quarterly Information'!$AI$40:$AI$789)+SUMIF('Quarterly Information'!$R$40:$R$789,'Export Summary'!B30,'Quarterly Information'!$AJ$40:$AJ$789)+Blends!$O$116 -> 0
A31: 6 | B31: HFC-134 | C31: =SUMIF('Quarterly Information'!$H$40:$H$789,B31,'Quarterly Information'!$I$40:$I$789)+SUMIF('Quarterly Information'!$J$40:$J$789,'Export Summary'!B31,'Quarterly Information'!$AF$40:$AF$789)+SUMIF('Quarterly Information'!$L$40:$L$789,'Export Summary'!B31,'Quarterly Information'!$AG$40:$AG$789)+SUMIF('Quarterly Information'!$N$40:$N$789,'Export Summary'!B31,'Quarterly Information'!$AH$40:$AH$789)+SUMIF('Quarterly Information'!$P$40:$P$789,'Export Summary'!B31,'Quarterly Information'!$AI$40:$AI$789)+SUMIF('Quarterly Information'!$R$40:$R$789,'Export Summary'!B31,'Quarterly Information'!$AJ$40:$AJ$789) -> 0
A32: 7 | B32: HFC-134a | C32: =SUMIF('Quarterly Information'!$H$40:$H$789,B32,'Quarterly Information'!$I$40:$I$789)+SUMIF('Quarterly Information'!$J$40:$J$789,'Export Summary'!B32,'Quarterly Information'!$AF$40:$AF$789)+SUMIF('Quarterly Information'!$L$40:$L$789,'Export Summary'!B32,'Quarterly Information'!$AG$40:$AG$789)+SUMIF('Quarterly Information'!$N$40:$N$789,'Export Summary'!B32,'Quarterly Information'!$AH$40:$AH$789)+SUMIF('Quarterly Information'!$P$40:$P$789,'Export Summary'!B32,'Quarterly Information'!$AI$40:$AI$789)+SUMIF('Quarterly Information'!$R$40:$R$789,'Export Summary'!B32,'Quarterly Information'!$AJ$40:$AJ$789)+Blends!$P$116 -> 0
A33: 8 | B33: HFC-143 | C33: =SUMIF('Quarterly Information'!$H$40:$H$789,B33,'Quarterly Information'!$I$40:$I$789)+SUMIF('Quarterly Information'!$J$40:$J$789,'Export Summary'!B33,'Quarterly Information'!$AF$40:$AF$789)+SUMIF('Quarterly Information'!$L$40:$L$789,'Export Summary'!B33,'Quarterly Information'!$AG$40:$AG$789)+SUMIF('Quarterly Information'!$N$40:$N$789,'Export Summary'!B33,'Quarterly Information'!$AH$40:$AH$789)+SUMIF('Quarterly Information'!$P$40:$P$789,'Export Summary'!B33,'Quarterly Information'!$AI$40:$AI$789)+SUMIF('Quarterly Information'!$R$40:$R$789,'Export Summary'!B33,'Quarterly Information'!$AJ$40:$AJ$789) -> 0
A34: 9 | B34: HFC-143a | C34: =SUMIF('Quarterly Information'!$H$40:$H$789,B34,'Quarterly Information'!$I$40:$I$789)+SUMIF('Quarterly Information'!$J$40:$J$789,'Export Summary'!B34,'Quarterly Information'!$AF$40:$AF$789)+SUMIF('Quarterly Information'!$L$40:$L$789,'Export Summary'!B34,'Quarterly Information'!$AG$40:$AG$789)+SUMIF('Quarterly Information'!$N$40:$N$789,'Export Summary'!B34,'Quarterly Information'!$AH$40:$AH$789)+SUMIF('Quarterly Information'!$P$40:$P$789,'Export Summary'!B34,'Quarterly Information'!$AI$40:$AI$789)+SUMIF('Quarterly Information'!$R$40:$R$789,'Export Summary'!B34,'Quarterly Information'!$AJ$40:$AJ$789)+Blends!$Q$116 -> 0
A35: 10 | B35: HFC-152 | C35: =SUMIF('Quarterly Information'!$H$40:$H$789,B35,'Quarterly Information'!$I$40:$I$789)+SUMIF('Quarterly Information'!$J$40:$J$789,'Export Summary'!B35,'Quarterly Information'!$AF$40:$AF$789)+SUMIF('Quarterly Information'!$L$40:$L$789,'Export Summary'!B35,'Quarterly Information'!$AG$40:$AG$789)+SUMIF('Quarterly Information'!$N$40:$N$789,'Export Summary'!B35,'Quarterly Information'!$AH$40:$AH$789)+SUMIF('Quarterly Information'!$P$40:$P$789,'Export Summary'!B35,'Quarterly Information'!$AI$40:$AI$789)+SUMIF('Quarterly Information'!$R$40:$R$789,'Export Summary'!B35,'Quarterly Information'!$AJ$40:$AJ$789) -> 0
A36: 11 | B36: HFC-152a | C36: =SUMIF('Quarterly Information'!$H$40:$H$789,B36,'Quarterly Information'!$I$40:$I$789)+SUMIF('Quarterly Information'!$J$40:$J$789,'Export Summary'!B36,'Quarterly Information'!$AF$40:$AF$789)+SUMIF('Quarterly Information'!$L$40:$L$789,'Export Summary'!B36,'Quarterly Information'!$AG$40:$AG$789)+SUMIF('Quarterly Information'!$N$40:$N$789,'Export Summary'!B36,'Quarterly Information'!$AH$40:$AH$789)+SUMIF('Quarterly Information'!$P$40:$P$789,'Export Summary'!B36,'Quarterly Information'!$AI$40:$AI$789)+SUMIF('Quarterly Information'!$R$40:$R$789,'Export Summary'!B36,'Quarterly Information'!$AJ$40:$AJ$789)+Blends!$R$116 -> 0
A37: 12 | B37: HFC-227ea | C37: =SUMIF('Quarterly Information'!$H$40:$H$789,B37,'Quarterly Information'!$I$40:$I$789)+SUMIF('Quarterly Information'!$J$40:$J$789,'Export Summary'!B37,'Quarterly Information'!$AF$40:$AF$789)+SUMIF('Quarterly Information'!$L$40:$L$789,'Export Summary'!B37,'Quarterly Information'!$AG$40:$AG$789)+SUMIF('Quarterly Information'!$N$40:$N$789,'Export Summary'!B37,'Quarterly Information'!$AH$40:$AH$789)+SUMIF('Quarterly Information'!$P$40:$P$789,'Export Summary'!B37,'Quarterly Information'!$AI$40:$AI$789)+SUMIF('Quarterly Information'!$R$40:$R$789,'Export Summary'!B37,'Quarterly Information'!$AJ$40:$AJ$789)+Blends!$S$116 -> 0
A38: 13 | B38: HFC-236cb | C38: =SUMIF('Quarterly Information'!$H$40:$H$789,B38,'Quarterly Information'!$I$40:$I$789)+SUMIF('Quarterly Information'!$J$40:$J$789,'Export Summary'!B38,'Quarterly Information'!$AF$40:$AF$789)+SUMIF('Quarterly Information'!$L$40:$L$789,'Export Summary'!B38,'Quarterly Information'!$AG$40:$AG$789)+SUMIF('Quarterly Information'!$N$40:$N$789,'Export Summary'!B38,'Quarterly Information'!$AH$40:$AH$789)+SUMIF('Quarterly Information'!$P$40:$P$789,'Export Summary'!B38,'Quarterly Information'!$AI$40:$AI$789)+SUMIF('Quarterly Information'!$R$40:$R$789,'Export Summary'!B38,'Quarterly Information'!$AJ$40:$AJ$789) -> 0
A39: 14 | B39: HFC-236ea | C39: =SUMIF('Quarterly Information'!$H$40:$H$789,B39,'Quarterly Information'!$I$40:$I$789)+SUMIF('Quarterly Information'!$J$40:$J$789,'Export Summary'!B39,'Quarterly Information'!$AF$40:$AF$789)+SUMIF('Quarterly Information'!$L$40:$L$789,'Export Summary'!B39,'Quarterly Information'!$AG$40:$AG$789)+SUMIF('Quarterly Information'!$N$40:$N$789,'Export Summary'!B39,'Quarterly Information'!$AH$40:$AH$789)+SUMIF('Quarterly Information'!$P$40:$P$789,'Export Summary'!B39,'Quarterly Information'!$AI$40:$AI$789)+SUMIF('Quarterly Information'!$R$40:$R$789,'Export Summary'!B39,'Quarterly Information'!$AJ$40:$AJ$789) -> 0
A40: 15 | B40: HFC-236fa | C40: =SUMIF('Quarterly Information'!$H$40:$H$789,B40,'Quarterly Information'!$I$40:$I$789)+SUMIF('Quarterly Information'!$J$40:$J$789,'Export Summary'!B40,'Quarterly Information'!$AF$40:$AF$789)+SUMIF('Quarterly Information'!$L$40:$L$789,'Export Summary'!B40,'Quarterly Information'!$AG$40:$AG$789)+SUMIF('Quarterly Information'!$N$40:$N$789,'Export Summary'!B40,'Quarterly Information'!$AH$40:$AH$789)+SUMIF('Quarterly Information'!$P$40:$P$789,'Export Summary'!B40,'Quarterly Information'!$AI$40:$AI$789)+SUMIF('Quarterly Information'!$R$40:$R$789,'Export Summary'!B40,'Quarterly Information'!$AJ$40:$AJ$789)+Blends!$T$116 -> 0
A41: 16 | B41: HFC-245ca | C41: =SUMIF('Quarterly Information'!$H$40:$H$789,B41,'Quarterly Information'!$I$40:$I$789)+SUMIF('Quarterly Information'!$J$40:$J$789,'Export Summary'!B41,'Quarterly Information'!$AF$40:$AF$789)+SUMIF('Quarterly Information'!$L$40:$L$789,'Export Summary'!B41,'Quarterly Information'!$AG$40:$AG$789)+SUMIF('Quarterly Information'!$N$40:$N$789,'Export Summary'!B41,'Quarterly Information'!$AH$40:$AH$789)+SUMIF('Quarterly Information'!$P$40:$P$789,'Export Summary'!B41,'Quarterly Information'!$AI$40:$AI$789)+SUMIF('Quarterly Information'!$R$40:$R$789,'Export Summary'!B41,'Quarterly Information'!$AJ$40:$AJ$789) -> 0
A42: 17 | B42: HFC-245fa | C42: =SUMIF('Quarterly Information'!$H$40:$H$789,B42,'Quarterly Information'!$I$40:$I$789)+SUMIF('Quarterly Information'!$J$40:$J$789,'Export Summary'!B42,'Quarterly Information'!$AF$40:$AF$789)+SUMIF('Quarterly Information'!$L$40:$L$789,'Export Summary'!B42,'Quarterly Information'!$AG$40:$AG$789)+SUMIF('Quarterly Information'!$N$40:$N$789,'Export Summary'!B42,'Quarterly Information'!$AH$40:$AH$789)+SUMIF('Quarterly Information'!$P$40:$P$789,'Export Summary'!B42,'Quarterly Information'!$AI$40:$AI$789)+SUMIF('Quarterly Information'!$R$40:$R$789,'Export Summary'!B42,'Quarterly Information'!$AJ$40:$AJ$789) -> 0
A43: 18 | B43: HFC-365mfc | C43: =SUMIF('Quarterly Information'!$H$40:$H$789,B43,'Quarterly Information'!$I$40:$I$789)+SUMIF('Quarterly Information'!$J$40:$J$789,'Export Summary'!B43,'Quarterly Information'!$AF$40:$AF$789)+SUMIF('Quarterly Information'!$L$40:$L$789,'Export Summary'!B43,'Quarterly Information'!$AG$40:$AG$789)+SUMIF('Quarterly Information'!$N$40:$N$789,'Export Summary'!B43,'Quarterly Information'!$AH$40:$AH$789)+SUMIF('Quarterly Information'!$P$40:$P$789,'Export Summary'!B43,'Quarterly Information'!$AI$40:$AI$789)+SUMIF('Quarterly Information'!$R$40:$R$789,'Export Summary'!B43,'Quarterly Information'!$AJ$40:$AJ$789) -> 0

Sheet End-of-Year Inventory
D1: OMB Control Number: 2060-0734
D2: Expiration Date: 12/31/2024
B4: American Innovation and Manufacturing Act - HFC Exporter Quarterly Report
B6: Worksheet Instructions:
B7: Complete and submit an HFC Exporter Quarterly Report if your company exports HFCs. Section 1 must be completed prior to submission. Section 2 must be completed if your company exported HFCs during the reporting quarter; if no HFCs were exported during the quarter, Section 2 may be left blank. Section 3 is automatically populated based on data entered in Section 2. Section 4 must be completed if your company is reporting quarter 4 activity.
B8: Version:
B9: ='Quarterly Information'!B9 -> r0.5
B10: Updated:
B11: ='Quarterly Information'!B11 -> 45497
B12: External Links:
B13: HFC Allocation Rule Reporting HelpDesk | C13: AIM Act Paperwork Reduction Act Burden
B14: Reporting Form Navigation:
B15: Section 1 - Company Identification | C15: Section 3 - Export Summary
B16: Section 2 - Export Information | C16: Section 4 - End-of-Year Inventory
B18: Section 4 - End-of-Year Inventory
B19: Instructions: Provide the quantity of each HFC (including HFCs contained in non-refrigerant blends that aren’t listed in the dropdown) and HFC blend held in inventory on December 31. Data should reflect HFCs held in inventory across the company, including virgin, recovered, recycled, and reclaimed HFCs. Data should only be reported in the fourth quarter report.
B21: HFC End-of-Year Inventory
B22: 1 | C22: 2
B23: HFC | C23: Quantity of Inventory (kg) §84.31(d)(1)(viii)
A26: 1
A27: 2
A28: 3
A29: 4
A30: 5
A31: 6
A32: 7
A33: 8
A34: 9
A35: 10
A36: 11
A37: 12
... A75: 50

Sheet Blend List
B1: HFC Blends | C1: HFC-23 | D1: HFC-32 | E1: HFC-125 | F1: HFC-134a | G1: HFC-143a | H1: HFC-152a | I1: HFC-227ea | J1: HFC-236fa
B2: R-401A | H2: 0.13
B3: R-401B | H3: 0.11
B4: R-401C | H4: 0.15
B5: R-402A | E5: 0.6
B6: R-402B | E6: 0.38
B7: R-404A | E7: 0.44 | F7: 0.04 | G7: 0.52
B8: R-405A | H8: 0.07
B9: R-407A | D9: 0.2 | E9: 0.4 | F9: 0.4
B10: R-407B | D10: 0.1 | E10: 0.7 | F10: 0.2
B11: R-407C | D11: 0.23 | E11: 0.25 | F11: 0.52
B12: R-407D | D12: 0.15 | E12: 0.15 | F12: 0.7
B13: R-407E | D13: 0.25 | E13: 0.15 | F13: 0.6
B14: R-407F | D14: 0.3 | E14: 0.3 | F14: 0.4
B15: R-407G | D15: 0.025 | E15: 0.025 | F15: 0.95
B16: R-407H | D16: 0.325 | E16: 0.15 | F16: 0.525
B17: R-407I | D17: 0.195 | E17: 0.085 | F17: 0.72
B18: R-408A | E18: 0.07 | G18: 0.46
B19: R-410A | D19: 0.5 | E19: 0.5
B20: R-410B | D20: 0.45 | E20: 0.55
B21: R-411A | H21: 0.11
B22: R-411B | H22: 0.03
B23: R-413A | F23: 0.88
B24: R-415A | H24: 0.18
B25: R-415B | H25: 0.75
B26: R-416A | F26: 0.59
B27: R-417A | E27: 0.466 | F27: 0.5
B28: R-417B | E28: 0.79 | F28: 0.183
B29: R-417C | E29: 0.195 | F29: 0.788
B30: R-418A | H30: 0.025
B31: R-419A | E31: 0.77 | F31: 0.19
B32: R-419B | E32: 0.485 | F32: 0.48
B33: R-420A | F33: 0.88
B34: R-421A | E34: 0.58 | F34: 0.42
B35: R-421B | E35: 0.85 | F35: 0.15
B36: R-422A | E36: 0.851 | F36: 0.115
B37: R-422B | E37: 0.55 | F37: 0.42
B38: R-422C | E38: 0.82 | F38: 0.15
B39: R-422D | E39: 0.651 | F39: 0.315
B40: R-422E | E40: 0.58 | F40: 0.393
B41: R-423A | F41: 0.525 | I41: 0.475
B42: R-424A | E42: 0.505 | F42: 0.47
B43: R-425A | D43: 0.185 | F43: 0.695 | I43: 0.12
B44: R-426A | E44: 0.051 | F44: 0.93
B45: R-427A | D45: 0.15 | E45: 0.25 | F45: 0.5 | G45: 0.1
B46: R-427C | D46: 0.25 | E46: 0.25 | F46: 0.4 | G46: 0.1
B47: R-428A | E47: 0.775 | G47: 0.2
B48: R-429A | H48: 0.1
B49: R-430A | H49: 0.76
B50: R-431A | H50: 0.29
B51: R-434A | E51: 0.632 | F51: 0.16 | G51: 0.18
B52: R-435A | H52: 0.2
B53: R-437A | E53: 0.195 | F53: 0.785
B54: R-438A | D54: 0.085 | E54: 0.45 | F54: 0.442
B55: R-439A | D55: 0.5 | E55: 0.47
B56: R-440A | F56: 0.016 | H56: 0.978
B57: R-442A | D57: 0.31 | E57: 0.31 | F57: 0.3 | H57: 0.03 | I57: 0.05
B58: R-444A | D58: 0.12 | H58: 0.05
B59: R-444B | D59: 0.415 | H59: 0.1
B60: R-445A | F60: 0.09
B61: R-446A | D61: 0.68
B62: R-447A | D62: 0.68 | E62: 0.035
B63: R-447B | D63: 0.68 | E63: 0.08
B64: R-448A | D64: 0.26 | E64: 0.26 | F64: 0.21
B65: R-448B | D65: 0.21 | E65: 0.21 | F65: 0.31
B66: R-449A | D66: 0.243 | E66: 0.247 | F66: 0.257
B67: R-449B | D67: 0.252 | E67: 0.243 | F67: 0.273
B68: R-449C | D68: 0.2 | E68: 0.2 | F68: 0.29
B69: R-450A | F69: 0.42
B70: R-451A | F70: 0.102
B71: R-451B | F71: 0.112
B72: R-452A | D72: 0.11 | E72: 0.59
B73: R-452B | D73: 0.67 | E73: 0.07
B74: R-452C | D74: 0.125 | E74: 0.61
B75: R-453A | D75: 0.2 | E75: 0.2 | F75: 0.538 | I75: 0.05
B76: R-454A | D76: 0.35
B77: R-454B | D77: 0.689
B78: R-454C | D78: 0.215
B79: R-455A | D79: 0.215
B80: R-456A | D80: 0.06 | F80: 0.45
B81: R-457A | D81: 0.18 | H81: 0.12
B82: R-457B | D82: 0.35 | H82: 0.1
B83: R-458A | D83: 0.205 | E83: 0.04 | F83: 0.614 | I83: 0.135 | J83: 0.006
B84: R-459A | D84: 0.68
B85: R-459B | D85: 0.21
B86: R-460A | D86: 0.12 | E86: 0.52 | F86: 0.14
B87: R-460B | D87: 0.28 | E87: 0.25 | F87: 0.2
B88: R-460C | D88: 0.025 | E88: 0.025 | F88: 0.46
B89: R-461A | E89: 0.55 | F89: 0.32 | G89: 0.05 | I89: 0.05
B90: R-462A | D90: 0.09 | E90: 0.42 | F90: 0.44 | G90: 0.02
B91: R-463A | D91: 0.36 | E91: 0.3 | F91: 0.14
B92: R-464A | D92: 0.27 | E92: 0.27 | I92: 0.06
B93: R-465A | D93: 0.21
B94: R-466A | D94: 0.49 | E94: 0.115
B95: R-467A | D95: 0.22 | E95: 0.05 | F95: 0.724
B96: R-468A | D96: 0.215
B97: R-469A | D97: 0.325 | E97: 0.325
B98: R-470A | D98: 0.17 | E98: 0.19 | F98: 0.07 | I98: 0.03
B99: R-470B | D99: 0.115 | E99: 0.115 | F99: 0.03 | I99: 0.07
B100: R-471A | I100: 0.043
...

Sheet Lists
A1: Chemical Name | B1: [Common Name] | D1: [Common_Name_1] | E1: [Common_Name_2] | G1: [Quarter] | H1: [Year] | J1: [Port of Exit] | L1: [County_1]
A2: CHF3 | B2: HFC-23 | C2: =IF(COUNTIF('End-of-Year Inventory'!B$26:B$75,B2)>=1,"",ROW()) -> 2 | D2: =IF(ROW(B2)-ROW(B$2)+1>COUNT(C$2:C$19),"",INDEX(B:B,SMALL(C$2:C$19,1+ROW(B2)-ROW(B$2)))) -> HFC-23 | E2: HFC-23 | G2: 1 | H2: 2022 | J2: Addison Airport, Texas - 5584 | L2: Afghanistan
A3: CH2F2 | B3: HFC-32 | C3: =IF(COUNTIF('End-of-Year Inventory'!B$26:B$75,B3)>=1,"",ROW()) -> 3 | D3: =IF(ROW(B3)-ROW(B$2)+1>COUNT(C$2:C$19),"",INDEX(B:B,SMALL(C$2:C$19,1+ROW(B3)-ROW(B$2)))) -> HFC-32 | E3: HFC-32 | G3: 2 | H3: 2023 | J3: Aguadilla, Puerto Rico - 4901 | L3: Albania
A4: CH3F | B4: HFC-41 | C4: =IF(COUNTIF('End-of-Year Inventory'!B$26:B$75,B4)>=1,"",ROW()) -> 4 | D4: =IF(ROW(B4)-ROW(B$2)+1>COUNT(C$2:C$19),"",INDEX(B:B,SMALL(C$2:C$19,1+ROW(B4)-ROW(B$2)))) -> HFC-41 | E4: HFC-41 | G4: 3 | H4: 2024 | J4: Albany, New York - 1002 | L4: Algeria
A5: CF3CHFCHFCF2CF3 | B5: HFC-43-10mee | C5: =IF(COUNTIF('End-of-Year Inventory'!B$26:B$75,B5)>=1,"",ROW()) -> 5 | D5: =IF(ROW(B5)-ROW(B$2)+1>COUNT(C$2:C$19),"",INDEX(B:B,SMALL(C$2:C$19,1+ROW(B5)-ROW(B$2)))) -> HFC-43-10mee | E5: HFC-43-10mee | G5: 4 | H5: 2025 | J5: Albuquerque, New Mexico - 2407 | L5: Andorra
A6: CHF2CF3 | B6: HFC-125 | C6: =IF(COUNTIF('End-of-Year Inventory'!B$26:B$75,B6)>=1,"",ROW()) -> 6 | D6: =IF(ROW(B6)-ROW(B$2)+1>COUNT(C$2:C$19),"",INDEX(B:B,SMALL(C$2:C$19,1+ROW(B6)-ROW(B$2)))) -> HFC-125 | E6: HFC-125 | H6: 2026 | J6: Alcan, Alaska - 3104 | L6: Angola
A7: CHF2CHF2 | B7: HFC-134 | C7: =IF(COUNTIF('End-of-Year Inventory'!B$26:B$75,B7)>=1,"",ROW()) -> 7 | D7: =IF(ROW(B7)-ROW(B$2)+1>COUNT(C$2:C$19),"",INDEX(B:B,SMALL(C$2:C$19,1+ROW(B7)-ROW(B$2)))) -> HFC-134 | E7: HFC-134 | H7: 2027 | J7: Alexandria Bay, New York - 0708 | L7: Anguilla
A8: CH2FCF3 | B8: HFC-134a | C8: =IF(COUNTIF('End-of-Year Inventory'!B$26:B$75,B8)>=1,"",ROW()) -> 8 | D8: =IF(ROW(B8)-ROW(B$2)+1>COUNT(C$2:C$19),"",INDEX(B:B,SMALL(C$2:C$19,1+ROW(B8)-ROW(B$2)))) -> HFC-134a | E8: HFC-134a | H8: 2028 | J8: Alliance Airport, Texas - 5583 | L8: Antigua and Barbuda
A9: CH2FCHF2 | B9: HFC-143 | C9: =IF(COUNTIF('End-of-Year Inventory'!B$26:B$75,B9)>=1,"",ROW()) -> 9 | D9: =IF(ROW(B9)-ROW(B$2)+1>COUNT(C$2:C$19),"",INDEX(B:B,SMALL(C$2:C$19,1+ROW(B9)-ROW(B$2)))) -> HFC-143 | E9: HFC-143 | H9: 2029 | J9: Amarillo, Texas - 5502 | L9: Argentina
A10: CH3CF3 | B10: HFC-143a | C10: =IF(COUNTIF('End-of-Year Inventory'!B$26:B$75,B10)>=1,"",ROW()) -> 10 | D10: =IF(ROW(B10)-ROW(B$2)+1>COUNT(C$2:C$19),"",INDEX(B:B,SMALL(C$2:C$19,1+ROW(B10)-ROW(B$2)))) -> HFC-143a | E10: HFC-143a | H10: 2030 | J10: Ambrose, North Dakota - 3410 | L10: Armenia
A11: CH2FCH2F | B11: HFC-152 | C11: =IF(COUNTIF('End-of-Year Inventory'!B$26:B$75,B11)>=1,"",ROW()) -> 11 | D11: =IF(ROW(B11)-ROW(B$2)+1>COUNT(C$2:C$19),"",INDEX(B:B,SMALL(C$2:C$19,1+ROW(B11)-ROW(B$2)))) -> HFC-152 | E11: HFC-152 | J11: Anacortes - 3010 | L11: Aruba
A12: CH3CHF2 | B12: HFC-152a | C12: =IF(COUNTIF('End-of-Year Inventory'!B$26:B$75,B12)>=1,"",ROW()) -> 12 | D12: =IF(ROW(B12)-ROW(B$2)+1>COUNT(C$2:C$19),"",INDEX(B:B,SMALL(C$2:C$19,1+ROW(B12)-ROW(B$2)))) -> HFC-152a | E12: HFC-152a | J12: Anchorage, Alaska - 3126 | L12: Australia
A13: CF3CHFCF3 | B13: HFC-227ea | C13: =IF(COUNTIF('End-of-Year Inventory'!B$26:B$75,B13)>=1,"",ROW()) -> 13 | D13: =IF(ROW(B13)-ROW(B$2)+1>COUNT(C$2:C$19),"",INDEX(B:B,SMALL(C$2:C$19,1+ROW(B13)-ROW(B$2)))) -> HFC-227ea | E13: HFC-227ea | J13: Andrade - Class A, California - 2502 | L13: Austria
A14: CH2FCF2CF3 | B14: HFC-236cb | C14: =IF(COUNTIF('End-of-Year Inventory'!B$26:B$75,B14)>=1,"",ROW()) -> 14 | D14: =IF(ROW(B14)-ROW(B$2)+1>COUNT(C$2:C$19),"",INDEX(B:B,SMALL(C$2:C$19,1+ROW(B14)-ROW(B$2)))) -> HFC-236cb | E14: HFC-236cb | J14: Antler, North Dakota - 3413 | L14: Azerbaijan
A15: CHF2CHFCF3 | B15: HFC-236ea | C15: =IF(COUNTIF('End-of-Year Inventory'!B$26:B$75,B15)>=1,"",ROW()) -> 15 | D15: =IF(ROW(B15)-ROW(B$2)+1>COUNT(C$2:C$19),"",INDEX(B:B,SMALL(C$2:C$19,1+ROW(B15)-ROW(B$2)))) -> HFC-236ea | E15: HFC-236ea | J15: Appleton International Airport, Wisconsin - 3781 | L15: Bahamas
A16: CF3CH2CF3 | B16: HFC-236fa | C16: =IF(COUNTIF('End-of-Year Inventory'!B$26:B$75,B16)>=1,"",ROW()) -> 16 | D16: =IF(ROW(B16)-ROW(B$2)+1>COUNT(C$2:C$19),"",INDEX(B:B,SMALL(C$2:C$19,1+ROW(B16)-ROW(B$2)))) -> HFC-236fa | E16: HFC-236fa | J16: Area Port of Jacksonville, Florida - 1803 | L16: Bahrain
A17: CH2FCF2CHF2 | B17: HFC-245ca | C17: =IF(COUNTIF('End-of-Year Inventory'!B$26:B$75,B17)>=1,"",ROW()) -> 17 | D17: =IF(ROW(B17)-ROW(B$2)+1>COUNT(C$2:C$19),"",INDEX(B:B,SMALL(C$2:C$19,1+ROW(B17)-ROW(B$2)))) -> HFC-245ca | E17: HFC-245ca | J17: Area Port of Sweetgrass, Montana - 3310 | L17: Bangladesh
A18: CF3CH2CF3 | B18: HFC-245fa | C18: =IF(COUNTIF('End-of-Year Inventory'!B$26:B$75,B18)>=1,"",ROW()) -> 18 | D18: =IF(ROW(B18)-ROW(B$2)+1>COUNT(C$2:C$19),"",INDEX(B:B,SMALL(C$2:C$19,1+ROW(B18)-ROW(B$2)))) -> HFC-245fa | E18: HFC-245fa | J18: Area Port of Tampa, Florida - 1801 | L18: Barbados
A19: CF3CH2CF2CH3 | B19: HFC-365mfc | C19: =IF(COUNTIF('End-of-Year Inventory'!B$26:B$75,B19)>=1,"",ROW()) -> 19 | D19: =IF(ROW(B19)-ROW(B$2)+1>COUNT(C$2:C$19),"",INDEX(B:B,SMALL(C$2:C$19,1+ROW(B19)-ROW(B$2)))) -> HFC-365mfc | E19: HFC-365mfc | J19: Ashtabula/Conneaut, Ohio - 4122 | L19: Belarus
B20: R-401A | J20: Astoria, Oregon - 2901 | L20: Belgium
B21: R-401B | J21: Atlanta, Georgia - 1704 | L21: Belize
B22: R-401C | D22: [Intended_Use] | J22: Austin, Texas - 5506 | L22: Benin
B23: R-402A | D23: Transformation | J23: Baltimore, Maryland - 1303 | L23: Bermuda
B24: R-402B | D24: Destruction | J24: Bangor, Maine - 0102 | L24: Bhutan
B25: R-404A | D25: Transhipment | J25: Bar Harbor, Maine - 0112 | L25: Bolivia
B26: R-405A | D26: Other | J26: Bath, Maine - 0111 | L26: Bosnia and Herzegovina
B27: R-407A | J27: Baton Rouge, Louisiana - 2004 | L27: Botswana
B28: R-407B | D28: [Transaction_Type] | J28: Battle Creek, Michigan - 3805 | L28: Brazil
B29: R-407C | D29: New | J29: Baudette, Minnesota - 3424 | L29: British Virgin Islands
B30: R-407D | D30: Used | J30: Beecher Falls, Vermont - 0206 | L30: Brunei Darussalam
B31: R-407E | D31: Reclaimed | J31: Belfast, Maine - 0132 | L31: Bulgaria
B32: R-407F | D32: Recycled | J32: Bellingham - 3005 | L32: Burkina Faso
B33: R-407G | J33: Binghamton, New York - 0981 | L33: Burundi
B34: R-407H | J34: Birmingham, Alabama - 1904 | L34: Cabo Verde
B35: R-407I | J35: Blaine, Washington - 3004 | L35: Cambodia
B36: R-408A | J36: Boise, Idaho - 2907 | L36: Cameroon
B37: R-410A | J37: Boston, Massachusetts - 0401 | L37: Canada
B38: R-410B | J38: Bozeman Yellowstone User Fee Airport, Montana - 3386 | L38: Cayman Islands
B39: R-411A | J39: Bridgeport, Connecticut - 0410 | L39: Central African Republic
B40: R-411B | J40: Bridgewater, Maine - 0127 | L40: Chad
B41: R-413A | J41: Brownsville, Texas - 2301 | L41: Chile
B42: R-415A | J42: Brunswick, Georgia - 1701 | L42: China
B43: R-415B | J43: Buffalo, New York - 0901 | L43: Christmas Island
B44: R-416A | J44: Burlington International Airport, Vermont - 0207 | L44: Cocos (Keeling) Islands
... B134: Other HFC Blend | J134: Houston Airport, Texas - 5309 | L134: Mexico
J135: Houston Seaport, Texas - 5301 | L135: Micronesia
J136: Huntsville, Alabama - 1910 | L136: Moldova
J137: Indianapolis, Indiana - 4110 | L137: Monaco
J138: International Falls, Minnesota - 3604 | L138: Mongolia
J139: Jackman, Maine - 0104 | L139: Montenegro
J140: John F. Kennedy International Airport, New York - 4701 | L140: Montserrat
J141: Jonesport (Calais), Maine - 0122 | L141: Morocco
J142: Juneau, Alaska - 3101 | L142: Mozambique
J143: Kahului, Hawaii - 3203 | L143: Myanmar
J144: Kalispell Airport, MT, Montana - 3324 | L144: Namibia
J145: Kansas City, Missouri - 4501 | L145: Nauru
J146: Kenneth G. Ward Memorial Lynden Port of Entry | L146: Nepal
... J233: Pinecreek, Minnesota - 3425 | L233: Zimbabwe
J234: Pittsburgh, Pennsylvania - 1104
J235: Plymouth (New Bedford), Massachusetts - 0406
J236: Ponce, Puerto Rico - 4908
J237: Port Arthur-Beaumont, Texas - 2101
J238: Port Everglades/Fort Lauderdale, Florida - 5203
J239: Port Hueneme, California - 2713
J240: Port Huron, Michigan - 3802
J241: Port Lavaca-Point Comfort, Texas - 5313
J242: Port of Long Beach, California - 2709
J243: Port Manatee, Florida - 1821
J244: Port of Washington-Dulles, Virginia - 5401
J245: Portal, North Dakota - 3403
... J343: Wrangell, Alaska - 3105

Sheet Blends
B1: HFC Blends | C1: HFC-23 | D1: HFC-32 | E1: HFC-125 | F1: HFC-134a | G1: HFC-143a | H1: HFC-152a | I1: HFC-227ea | J1: HFC-236fa | M1: HFC-23 | N1: HFC-32 | O1: HFC-125 | P1: HFC-134a | Q1: HFC-143a | R1: HFC-152a | S1: HFC-227ea | T1: HFC-236fa
B2: R-401A | H2: 0.13 | L2: R-401A | M2: =SUMIFS('Quarterly Information'!$I$40:$I$789,'Quarterly Information'!$H$40:$H$789,Blends!$L2)*C2 -> 0 | N2: =SUMIFS('Quarterly Information'!$I$40:$I$789,'Quarterly Information'!$H$40:$H$789,Blends!$L2)*D2 -> 0 | O2: =SUMIFS('Quarterly Information'!$I$40:$I$789,'Quarterly Information'!$H$40:$H$789,Blends!$L2)*E2 -> 0 | P2: =SUMIFS('Quarterly Information'!$I$40:$I$789,'Quarterly Information'!$H$40:$H$789,Blends!$L2)*F2 -> 0 | Q2: =SUMIFS('Quarterly Information'!$I$40:$I$789,'Quarterly Information'!$H$40:$H$789,Blends!$L2)*G2 -> 0 | R2: =SUMIFS('Quarterly Information'!$I$40:$I$789,'Quarterly Information'!$H$40:$H$789,Blends!$L2)*H2 -> 0 | S2: =SUMIFS('Quarterly Information'!$I$40:$I$789,'Quarterly Information'!$H$40:$H$789,Blends!$L2)*I2 -> 0 | T2: =SUMIFS('Quarterly Information'!$I$40:$I$789,'Quarterly Information'!$H$40:$H$789,Blends!$L2)*J2 -> 0
B3: R-401B | H3: 0.11 | L3: R-401B | M3: =SUMIFS('Quarterly Information'!$I$40:$I$789,'Quarterly Information'!$H$40:$H$789,Blends!$L3)*C3 -> 0 | N3: =SUMIFS('Quarterly Information'!$I$40:$I$789,'Quarterly Information'!$H$40:$H$789,Blends!$L3)*D3 -> 0 | O3: =SUMIFS('Quarterly Information'!$I$40:$I$789,'Quarterly Information'!$H$40:$H$789,Blends!$L3)*E3 -> 0 | P3: =SUMIFS('Quarterly Information'!$I$40:$I$789,'Quarterly Information'!$H$40:$H$789,Blends!$L3)*F3 -> 0 | Q3: =SUMIFS('Quarterly Information'!$I$40:$I$789,'Quarterly Information'!$H$40:$H$789,Blends!$L3)*G3 -> 0 | R3: =SUMIFS('Quarterly Information'!$I$40:$I$789,'Quarterly Information'!$H$40:$H$789,Blends!$L3)*H3 -> 0 | S3: =SUMIFS('Quarterly Information'!$I$40:$I$789,'Quarterly Information'!$H$40:$H$789,Blends!$L3)*I3 -> 0 | T3: =SUMIFS('Quarterly Information'!$I$40:$I$789,'Quarterly Information'!$H$40:$H$789,Blends!$L3)*J3 -> 0
B4: R-401C | H4: 0.15 | L4: R-401C | M4: =SUMIFS('Quarterly Information'!$I$40:$I$789,'Quarterly Information'!$H$40:$H$789,Blends!$L4)*C4 -> 0 | N4: =SUMIFS('Quarterly Information'!$I$40:$I$789,'Quarterly Information'!$H$40:$H$789,Blends!$L4)*D4 -> 0 | O4: =SUMIFS('Quarterly Information'!$I$40:$I$789,'Quarterly Information'!$H$40:$H$789,Blends!$L4)*E4 -> 0 | P4: =SUMIFS('Quarterly Information'!$I$40:$I$789,'Quarterly Information'!$H$40:$H$789,Blends!$L4)*F4 -> 0 | Q4: =SUMIFS('Quarterly Information'!$I$40:$I$789,'Quarterly Information'!$H$40:$H$789,Blends!$L4)*G4 -> 0 | R4: =SUMIFS('Quarterly Information'!$I$40:$I$789,'Quarterly Information'!$H$40:$H$789,Blends!$L4)*H4 -> 0 | S4: =SUMIFS('Quarterly Information'!$I$40:$I$789,'Quarterly Information'!$H$40:$H$789,Blends!$L4)*I4 -> 0 | T4: =SUMIFS('Quarterly Information'!$I$40:$I$789,'Quarterly Information'!$H$40:$H$789,Blends!$L4)*J4 -> 0
B5: R-402A | E5: 0.6 | L5: R-402A | M5: =SUMIFS('Quarterly Information'!$I$40:$I$789,'Quarterly Information'!$H$40:$H$789,Blends!$L5)*C5 -> 0 | N5: =SUMIFS('Quarterly Information'!$I$40:$I$789,'Quarterly Information'!$H$40:$H$789,Blends!$L5)*D5 -> 0 | O5: =SUMIFS('Quarterly Information'!$I$40:$I$789,'Quarterly Information'!$H$40:$H$789,Blends!$L5)*E5 -> 0 | P5: =SUMIFS('Quarterly Information'!$I$40:$I$789,'Quarterly Information'!$H$40:$H$789,Blends!$L5)*F5 -> 0 | Q5: =SUMIFS('Quarterly Information'!$I$40:$I$789,'Quarterly Information'!$H$40:$H$789,Blends!$L5)*G5 -> 0 | R5: =SUMIFS('Quarterly Information'!$I$40:$I$789,'Quarterly Information'!$H$40:$H$789,Blends!$L5)*H5 -> 0 | S5: =SUMIFS('Quarterly Information'!$I$40:$I$789,'Quarterly Information'!$H$40:$H$789,Blends!$L5)*I5 -> 0 | T5: =SUMIFS('Quarterly Information'!$I$40:$I$789,'Quarterly Information'!$H$40:$H$789,Blends!$L5)*J5 -> 0
B6: R-402B | E6: 0.38 | L6: R-402B | M6: =SUMIFS('Quarterly Information'!$I$40:$I$789,'Quarterly Information'!$H$40:$H$789,Blends!$L6)*C6 -> 0 | N6: =SUMIFS('Quarterly Information'!$I$40:$I$789,'Quarterly Information'!$H$40:$H$789,Blends!$L6)*D6 -> 0 | O6: =SUMIFS('Quarterly Information'!$I$40:$I$789,'Quarterly Information'!$H$40:$H$789,Blends!$L6)*E6 -> 0 | P6: =SUMIFS('Quarterly Information'!$I$40:$I$789,'Quarterly Information'!$H$40:$H$789,Blends!$L6)*F6 -> 0 | Q6: =SUMIFS('Quarterly Information'!$I$40:$I$789,'Quarterly Information'!$H$40:$H$789,Blends!$L6)*G6 -> 0 | R6: =SUMIFS('Quarterly Information'!$I$40:$I$789,'Quarterly Information'!$H$40:$H$789,Blends!$L6)*H6 -> 0 | S6: =SUMIFS('Quarterly Information'!$I$40:$I$789,'Quarterly Information'!$H$40:$H$789,Blends!$L6)*I6 -> 0 | T6: =SUMIFS('Quarterly Information'!$I$40:$I$789,'Quarterly Information'!$H$40:$H$789,Blends!$L6)*J6 -> 0
B7: R-404A | E7: 0.44 | F7: 0.04 | G7: 0.52 | L7: R-404A | M7: =SUMIFS('Quarterly Information'!$I$40:$I$789,'Quarterly Information'!$H$40:$H$789,Blends!$L7)*C7 -> 0 | N7: =SUMIFS('Quarterly Information'!$I$40:$I$789,'Quarterly Information'!$H$40:$H$789,Blends!$L7)*D7 -> 0 | O7: =SUMIFS('Quarterly Information'!$I$40:$I$789,'Quarterly Information'!$H$40:$H$789,Blends!$L7)*E7 -> 0 | P7: =SUMIFS('Quarterly Information'!$I$40:$I$789,'Quarterly Information'!$H$40:$H$789,Blends!$L7)*F7 -> 0 | Q7: =SUMIFS('Quarterly Information'!$I$40:$I$789,'Quarterly Information'!$H$40:$H$789,Blends!$L7)*G7 -> 0 | R7: =SUMIFS('Quarterly Information'!$I$40:$I$789,'Quarterly Information'!$H$40:$H$789,Blends!$L7)*H7 -> 0 | S7: =SUMIFS('Quarterly Information'!$I$40:$I$789,'Quarterly Information'!$H$40:$H$789,Blends!$L7)*I7 -> 0 | T7: =SUMIFS('Quarterly Information'!$I$40:$I$789,'Quarterly Information'!$H$40:$H$789,Blends!$L7)*J7 -> 0
B8: R-405A | H8: 0.07 | L8: R-405A | M8: =SUMIFS('Quarterly Information'!$I$40:$I$789,'Quarterly Information'!$H$40:$H$789,Blends!$L8)*C8 -> 0 | N8: =SUMIFS('Quarterly Information'!$I$40:$I$789,'Quarterly Information'!$H$40:$H$789,Blends!$L8)*D8 -> 0 | O8: =SUMIFS('Quarterly Information'!$I$40:$I$789,'Quarterly Information'!$H$40:$H$789,Blends!$L8)*E8 -> 0 | P8: =SUMIFS('Quarterly Information'!$I$40:$I$789,'Quarterly Information'!$H$40:$H$789,Blends!$L8)*F8 -> 0 | Q8: =SUMIFS('Quarterly Information'!$I$40:$I$789,'Quarterly Information'!$H$40:$H$789,Blends!$L8)*G8 -> 0 | R8: =SUMIFS('Quarterly Information'!$I$40:$I$789,'Quarterly Information'!$H$40:$H$789,Blends!$L8)*H8 -> 0 | S8: =SUMIFS('Quarterly Information'!$I$40:$I$789,'Quarterly Information'!$H$40:$H$789,Blends!$L8)*I8 -> 0 | T8: =SUMIFS('Quarterly Information'!$I$40:$I$789,'Quarterly Information'!$H$40:$H$789,Blends!$L8)*J8 -> 0
B9: R-407A | D9: 0.2 | E9: 0.4 | F9: 0.4 | L9: R-407A | M9: =SUMIFS('Quarterly Information'!$I$40:$I$789,'Quarterly Information'!$H$40:$H$789,Blends!$L9)*C9 -> 0 | N9: =SUMIFS('Quarterly Information'!$I$40:$I$789,'Quarterly Information'!$H$40:$H$789,Blends!$L9)*D9 -> 0 | O9: =SUMIFS('Quarterly Information'!$I$40:$I$789,'Quarterly Information'!$H$40:$H$789,Blends!$L9)*E9 -> 0 | P9: =SUMIFS('Quarterly Information'!$I$40:$I$789,'Quarterly Information'!$H$40:$H$789,Blends!$L9)*F9 -> 0 | Q9: =SUMIFS('Quarterly Information'!$I$40:$I$789,'Quarterly Information'!$H$40:$H$789,Blends!$L9)*G9 -> 0 | R9: =SUMIFS('Quarterly Information'!$I$40:$I$789,'Quarterly Information'!$H$40:$H$789,Blends!$L9)*H9 -> 0 | S9: =SUMIFS('Quarterly Information'!$I$40:$I$789,'Quarterly Information'!$H$40:$H$789,Blends!$L9)*I9 -> 0 | T9: =SUMIFS('Quarterly Information'!$I$40:$I$789,'Quarterly Information'!$H$40:$H$789,Blends!$L9)*J9 -> 0
B10: R-407B | D10: 0.1 | E10: 0.7 | F10: 0.2 | L10: R-407B | M10: =SUMIFS('Quarterly Information'!$I$40:$I$789,'Quarterly Information'!$H$40:$H$789,Blends!$L10)*C10 -> 0 | N10: =SUMIFS('Quarterly Information'!$I$40:$I$789,'Quarterly Information'!$H$40:$H$789,Blends!$L10)*D10 -> 0 | O10: =SUMIFS('Quarterly Information'!$I$40:$I$789,'Quarterly Information'!$H$40:$H$789,Blends!$L10)*E10 -> 0 | P10: =SUMIFS('Quarterly Information'!$I$40:$I$789,'Quarterly Information'!$H$40:$H$789,Blends!$L10)*F10 -> 0 | Q10: =SUMIFS('Quarterly Information'!$I$40:$I$789,'Quarterly Information'!$H$40:$H$789,Blends!$L10)*G10 -> 0 | R10: =SUMIFS('Quarterly Information'!$I$40:$I$789,'Quarterly Information'!$H$40:$H$789,Blends!$L10)*H10 -> 0 | S10: =SUMIFS('Quarterly Information'!$I$40:$I$789,'Quarterly Information'!$H$40:$H$789,Blends!$L10)*I10 -> 0 | T10: =SUMIFS('Quarterly Information'!$I$40:$I$789,'Quarterly Information'!$H$40:$H$789,Blends!$L10)*J10 -> 0
B11: R-407C | D11: 0.23 | E11: 0.25 | F11: 0.52 | L11: R-407C | M11: =SUMIFS('Quarterly Information'!$I$40:$I$789,'Quarterly Information'!$H$40:$H$789,Blends!$L11)*C11 -> 0 | N11: =SUMIFS('Quarterly Information'!$I$40:$I$789,'Quarterly Information'!$H$40:$H$789,Blends!$L11)*D11 -> 0 | O11: =SUMIFS('Quarterly Information'!$I$40:$I$789,'Quarterly Information'!$H$40:$H$789,Blends!$L11)*E11 -> 0 | P11: =SUMIFS('Quarterly Information'!$I$40:$I$789,'Quarterly Information'!$H$40:$H$789,Blends!$L11)*F11 -> 0 | Q11: =SUMIFS('Quarterly Information'!$I$40:$I$789,'Quarterly Information'!$H$40:$H$789,Blends!$L11)*G11 -> 0 | R11: =SUMIFS('Quarterly Information'!$I$40:$I$789,'Quarterly Information'!$H$40:$H$789,Blends!$L11)*H11 -> 0 | S11: =SUMIFS('Quarterly Information'!$I$40:$I$789,'Quarterly Information'!$H$40:$H$789,Blends!$L11)*I11 -> 0 | T11: =SUMIFS('Quarterly Information'!$I$40:$I$789,'Quarterly Information'!$H$40:$H$789,Blends!$L11)*J11 -> 0
B12: R-407D | D12: 0.15 | E12: 0.15 | F12: 0.7 | L12: R-407D | M12: =SUMIFS('Quarterly Information'!$I$40:$I$789,'Quarterly Information'!$H$40:$H$789,Blends!$L12)*C12 -> 0 | N12: =SUMIFS('Quarterly Information'!$I$40:$I$789,'Quarterly Information'!$H$40:$H$789,Blends!$L12)*D12 -> 0 | O12: =SUMIFS('Quarterly Information'!$I$40:$I$789,'Quarterly Information'!$H$40:$H$789,Blends!$L12)*E12 -> 0 | P12: =SUMIFS('Quarterly Information'!$I$40:$I$789,'Quarterly Information'!$H$40:$H$789,Blends!$L12)*F12 -> 0 | Q12: =SUMIFS('Quarterly Information'!$I$40:$I$789,'Quarterly Information'!$H$40:$H$789,Blends!$L12)*G12 -> 0 | R12: =SUMIFS('Quarterly Information'!$I$40:$I$789,'Quarterly Information'!$H$40:$H$789,Blends!$L12)*H12 -> 0 | S12: =SUMIFS('Quarterly Information'!$I$40:$I$789,'Quarterly Information'!$H$40:$H$789,Blends!$L12)*I12 -> 0 | T12: =SUMIFS('Quarterly Information'!$I$40:$I$789,'Quarterly Information'!$H$40:$H$789,Blends!$L12)*J12 -> 0
B13: R-407E | D13: 0.25 | E13: 0.15 | F13: 0.6 | L13: R-407E | M13: =SUMIFS('Quarterly Information'!$I$40:$I$789,'Quarterly Information'!$H$40:$H$789,Blends!$L13)*C13 -> 0 | N13: =SUMIFS('Quarterly Information'!$I$40:$I$789,'Quarterly Information'!$H$40:$H$789,Blends!$L13)*D13 -> 0 | O13: =SUMIFS('Quarterly Information'!$I$40:$I$789,'Quarterly Information'!$H$40:$H$789,Blends!$L13)*E13 -> 0 | P13: =SUMIFS('Quarterly Information'!$I$40:$I$789,'Quarterly Information'!$H$40:$H$789,Blends!$L13)*F13 -> 0 | Q13: =SUMIFS('Quarterly Information'!$I$40:$I$789,'Quarterly Information'!$H$40:$H$789,Blends!$L13)*G13 -> 0 | R13: =SUMIFS('Quarterly Information'!$I$40:$I$789,'Quarterly Information'!$H$40:$H$789,Blends!$L13)*H13 -> 0 | S13: =SUMIFS('Quarterly Information'!$I$40:$I$789,'Quarterly Information'!$H$40:$H$789,Blends!$L13)*I13 -> 0 | T13: =SUMIFS('Quarterly Information'!$I$40:$I$789,'Quarterly Information'!$H$40:$H$789,Blends!$L13)*J13 -> 0
B14: R-407F | D14: 0.3 | E14: 0.3 | F14: 0.4 | L14: R-407F | M14: =SUMIFS('Quarterly Information'!$I$40:$I$789,'Quarterly Information'!$H$40:$H$789,Blends!$L14)*C14 -> 0 | N14: =SUMIFS('Quarterly Information'!$I$40:$I$789,'Quarterly Information'!$H$40:$H$789,Blends!$L14)*D14 -> 0 | O14: =SUMIFS('Quarterly Information'!$I$40:$I$789,'Quarterly Information'!$H$40:$H$789,Blends!$L14)*E14 -> 0 | P14: =SUMIFS('Quarterly Information'!$I$40:$I$789,'Quarterly Information'!$H$40:$H$789,Blends!$L14)*F14 -> 0 | Q14: =SUMIFS('Quarterly Information'!$I$40:$I$789,'Quarterly Information'!$H$40:$H$789,Blends!$L14)*G14 -> 0 | R14: =SUMIFS('Quarterly Information'!$I$40:$I$789,'Quarterly Information'!$H$40:$H$789,Blends!$L14)*H14 -> 0 | S14: =SUMIFS('Quarterly Information'!$I$40:$I$789,'Quarterly Information'!$H$40:$H$789,Blends!$L14)*I14 -> 0 | T14: =SUMIFS('Quarterly Information'!$I$40:$I$789,'Quarterly Information'!$H$40:$H$789,Blends!$L14)*J14 -> 0
B15: R-407G | D15: 0.025 | E15: 0.025 | F15: 0.95 | L15: R-407G | M15: =SUMIFS('Quarterly Information'!$I$40:$I$789,'Quarterly Information'!$H$40:$H$789,Blends!$L15)*C15 -> 0 | N15: =SUMIFS('Quarterly Information'!$I$40:$I$789,'Quarterly Information'!$H$40:$H$789,Blends!$L15)*D15 -> 0 | O15: =SUMIFS('Quarterly Information'!$I$40:$I$789,'Quarterly Information'!$H$40:$H$789,Blends!$L15)*E15 -> 0 | P15: =SUMIFS('Quarterly Information'!$I$40:$I$789,'Quarterly Information'!$H$40:$H$789,Blends!$L15)*F15 -> 0 | Q15: =SUMIFS('Quarterly Information'!$I$40:$I$789,'Quarterly Information'!$H$40:$H$789,Blends!$L15)*G15 -> 0 | R15: =SUMIFS('Quarterly Information'!$I$40:$I$789,'Quarterly Information'!$H$40:$H$789,Blends!$L15)*H15 -> 0 | S15: =SUMIFS('Quarterly Information'!$I$40:$I$789,'Quarterly Information'!$H$40:$H$789,Blends!$L15)*I15 -> 0 | T15: =SUMIFS('Quarterly Information'!$I$40:$I$789,'Quarterly Information'!$H$40:$H$789,Blends!$L15)*J15 -> 0
B16: R-407H | D16: 0.325 | E16: 0.15 | F16: 0.525 | L16: R-407H | M16: =SUMIFS('Quarterly Information'!$I$40:$I$789,'Quarterly Information'!$H$40:$H$789,Blends!$L16)*C16 -> 0 | N16: =SUMIFS('Quarterly Information'!$I$40:$I$789,'Quarterly Information'!$H$40:$H$789,Blends!$L16)*D16 -> 0 | O16: =SUMIFS('Quarterly Information'!$I$40:$I$789,'Quarterly Information'!$H$40:$H$789,Blends!$L16)*E16 -> 0 | P16: =SUMIFS('Quarterly Information'!$I$40:$I$789,'Quarterly Information'!$H$40:$H$789,Blends!$L16)*F16 -> 0 | Q16: =SUMIFS('Quarterly Information'!$I$40:$I$789,'Quarterly Information'!$H$40:$H$789,Blends!$L16)*G16 -> 0 | R16: =SUMIFS('Quarterly Information'!$I$40:$I$789,'Quarterly Information'!$H$40:$H$789,Blends!$L16)*H16 -> 0 | S16: =SUMIFS('Quarterly Information'!$I$40:$I$789,'Quarterly Information'!$H$40:$H$789,Blends!$L16)*I16 -> 0 | T16: =SUMIFS('Quarterly Information'!$I$40:$I$789,'Quarterly Information'!$H$40:$H$789,Blends!$L16)*J16 -> 0
B17: R-407I | D17: 0.195 | E17: 0.085 | F17: 0.72 | L17: R-407I | M17: =SUMIFS('Quarterly Information'!$I$40:$I$789,'Quarterly Information'!$H$40:$H$789,Blends!$L17)*C17 -> 0 | N17: =SUMIFS('Quarterly Information'!$I$40:$I$789,'Quarterly Information'!$H$40:$H$789,Blends!$L17)*D17 -> 0 | O17: =SUMIFS('Quarterly Information'!$I$40:$I$789,'Quarterly Information'!$H$40:$H$789,Blends!$L17)*E17 -> 0 | P17: =SUMIFS('Quarterly Information'!$I$40:$I$789,'Quarterly Information'!$H$40:$H$789,Blends!$L17)*F17 -> 0 | Q17: =SUMIFS('Quarterly Information'!$I$40:$I$789,'Quarterly Information'!$H$40:$H$789,Blends!$L17)*G17 -> 0 | R17: =SUMIFS('Quarterly Information'!$I$40:$I$789,'Quarterly Information'!$H$40:$H$789,Blends!$L17)*H17 -> 0 | S17: =SUMIFS('Quarterly Information'!$I$40:$I$789,'Quarterly Information'!$H$40:$H$789,Blends!$L17)*I17 -> 0 | T17: =SUMIFS('Quarterly Information'!$I$40:$I$789,'Quarterly Information'!$H$40:$H$789,Blends!$L17)*J17 -> 0
B18: R-408A | E18: 0.07 | G18: 0.46 | L18: R-408A | M18: =SUMIFS('Quarterly Information'!$I$40:$I$789,'Quarterly Information'!$H$40:$H$789,Blends!$L18)*C18 -> 0 | N18: =SUMIFS('Quarterly Information'!$I$40:$I$789,'Quarterly Information'!$H$40:$H$789,Blends!$L18)*D18 -> 0 | O18: =SUMIFS('Quarterly Information'!$I$40:$I$789,'Quarterly Information'!$H$40:$H$789,Blends!$L18)*E18 -> 0 | P18: =SUMIFS('Quarterly Information'!$I$40:$I$789,'Quarterly Information'!$H$40:$H$789,Blends!$L18)*F18 -> 0 | Q18: =SUMIFS('Quarterly Information'!$I$40:$I$789,'Quarterly Information'!$H$40:$H$789,Blends!$L18)*G18 -> 0 | R18: =SUMIFS('Quarterly Information'!$I$40:$I$789,'Quarterly Information'!$H$40:$H$789,Blends!$L18)*H18 -> 0 | S18: =SUMIFS('Quarterly Information'!$I$40:$I$789,'Quarterly Information'!$H$40:$H$789,Blends!$L18)*I18 -> 0 | T18: =SUMIFS('Quarterly Information'!$I$40:$I$789,'Quarterly Information'!$H$40:$H$789,Blends!$L18)*J18 -> 0
B19: R-410A | D19: 0.5 | E19: 0.5 | L19: R-410A | M19: =SUMIFS('Quarterly Information'!$I$40:$I$789,'Quarterly Information'!$H$40:$H$789,Blends!$L19)*C19 -> 0 | N19: =SUMIFS('Quarterly Information'!$I$40:$I$789,'Quarterly Information'!$H$40:$H$789,Blends!$L19)*D19 -> 0 | O19: =SUMIFS('Quarterly Information'!$I$40:$I$789,'Quarterly Information'!$H$40:$H$789,Blends!$L19)*E19 -> 0 | P19: =SUMIFS('Quarterly Information'!$I$40:$I$789,'Quarterly Information'!$H$40:$H$789,Blends!$L19)*F19 -> 0 | Q19: =SUMIFS('Quarterly Information'!$I$40:$I$789,'Quarterly Information'!$H$40:$H$789,Blends!$L19)*G19 -> 0 | R19: =SUMIFS('Quarterly Information'!$I$40:$I$789,'Quarterly Information'!$H$40:$H$789,Blends!$L19)*H19 -> 0 | S19: =SUMIFS('Quarterly Information'!$I$40:$I$789,'Quarterly Information'!$H$40:$H$789,Blends!$L19)*I19 -> 0 | T19: =SUMIFS('Quarterly Information'!$I$40:$I$789,'Quarterly Information'!$H$40:$H$789,Blends!$L19)*J19 -> 0
B20: R-410B | D20: 0.45 | E20: 0.55 | L20: R-410B | M20: =SUMIFS('Quarterly Information'!$I$40:$I$789,'Quarterly Information'!$H$40:$H$789,Blends!$L20)*C20 -> 0 | N20: =SUMIFS('Quarterly Information'!$I$40:$I$789,'Quarterly Information'!$H$40:$H$789,Blends!$L20)*D20 -> 0 | O20: =SUMIFS('Quarterly Information'!$I$40:$I$789,'Quarterly Information'!$H$40:$H$789,Blends!$L20)*E20 -> 0 | P20: =SUMIFS('Quarterly Information'!$I$40:$I$789,'Quarterly Information'!$H$40:$H$789,Blends!$L20)*F20 -> 0 | Q20: =SUMIFS('Quarterly Information'!$I$40:$I$789,'Quarterly Information'!$H$40:$H$789,Blends!$L20)*G20 -> 0 | R20: =SUMIFS('Quarterly Information'!$I$40:$I$789,'Quarterly Information'!$H$40:$H$789,Blends!$L20)*H20 -> 0 | S20: =SUMIFS('Quarterly Information'!$I$40:$I$789,'Quarterly Information'!$H$40:$H$789,Blends!$L20)*I20 -> 0 | T20: =SUMIFS('Quarterly Information'!$I$40:$I$789,'Quarterly Information'!$H$40:$H$789,Blends!$L20)*J20 -> 0
B21: R-411A | H21: 0.11 | L21: R-411A | M21: =SUMIFS('Quarterly Information'!$I$40:$I$789,'Quarterly Information'!$H$40:$H$789,Blends!$L21)*C21 -> 0 | N21: =SUMIFS('Quarterly Information'!$I$40:$I$789,'Quarterly Information'!$H$40:$H$789,Blends!$L21)*D21 -> 0 | O21: =SUMIFS('Quarterly Information'!$I$40:$I$789,'Quarterly Information'!$H$40:$H$789,Blends!$L21)*E21 -> 0 | P21: =SUMIFS('Quarterly Information'!$I$40:$I$789,'Quarterly Information'!$H$40:$H$789,Blends!$L21)*F21 -> 0 | Q21: =SUMIFS('Quarterly Information'!$I$40:$I$789,'Quarterly Information'!$H$40:$H$789,Blends!$L21)*G21 -> 0 | R21: =SUMIFS('Quarterly Information'!$I$40:$I$789,'Quarterly Information'!$H$40:$H$789,Blends!$L21)*H21 -> 0 | S21: =SUMIFS('Quarterly Information'!$I$40:$I$789,'Quarterly Information'!$H$40:$H$789,Blends!$L21)*I21 -> 0 | T21: =SUMIFS('Quarterly Information'!$I$40:$I$789,'Quarterly Information'!$H$40:$H$789,Blends!$L21)*J21 -> 0
B22: R-411B | H22: 0.03 | L22: R-411B | M22: =SUMIFS('Quarterly Information'!$I$40:$I$789,'Quarterly Information'!$H$40:$H$789,Blends!$L22)*C22 -> 0 | N22: =SUMIFS('Quarterly Information'!$I$40:$I$789,'Quarterly Information'!$H$40:$H$789,Blends!$L22)*D22 -> 0 | O22: =SUMIFS('Quarterly Information'!$I$40:$I$789,'Quarterly Information'!$H$40:$H$789,Blends!$L22)*E22 -> 0 | P22: =SUMIFS('Quarterly Information'!$I$40:$I$789,'Quarterly Information'!$H$40:$H$789,Blends!$L22)*F22 -> 0 | Q22: =SUMIFS('Quarterly Information'!$I$40:$I$789,'Quarterly Information'!$H$40:$H$789,Blends!$L22)*G22 -> 0 | R22: =SUMIFS('Quarterly Information'!$I$40:$I$789,'Quarterly Information'!$H$40:$H$789,Blends!$L22)*H22 -> 0 | S22: =SUMIFS('Quarterly Information'!$I$40:$I$789,'Quarterly Information'!$H$40:$H$789,Blends!$L22)*I22 -> 0 | T22: =SUMIFS('Quarterly Information'!$I$40:$I$789,'Quarterly Information'!$H$40:$H$789,Blends!$L22)*J22 -> 0
B23: R-413A | F23: 0.88 | L23: R-413A | M23: =SUMIFS('Quarterly Information'!$I$40:$I$789,'Quarterly Information'!$H$40:$H$789,Blends!$L23)*C23 -> 0 | N23: =SUMIFS('Quarterly Information'!$I$40:$I$789,'Quarterly Information'!$H$40:$H$789,Blends!$L23)*D23 -> 0 | O23: =SUMIFS('Quarterly Information'!$I$40:$I$789,'Quarterly Information'!$H$40:$H$789,Blends!$L23)*E23 -> 0 | P23: =SUMIFS('Quarterly Information'!$I$40:$I$789,'Quarterly Information'!$H$40:$H$789,Blends!$L23)*F23 -> 0 | Q23: =SUMIFS('Quarterly Information'!$I$40:$I$789,'Quarterly Information'!$H$40:$H$789,Blends!$L23)*G23 -> 0 | R23: =SUMIFS('Quarterly Information'!$I$40:$I$789,'Quarterly Information'!$H$40:$H$789,Blends!$L23)*H23 -> 0 | S23: =SUMIFS('Quarterly Information'!$I$40:$I$789,'Quarterly Information'!$H$40:$H$789,Blends!$L23)*I23 -> 0 | T23: =SUMIFS('Quarterly Information'!$I$40:$I$789,'Quarterly Information'!$H$40:$H$789,Blends!$L23)*J23 -> 0
B24: R-415A | H24: 0.18 | L24: R-415A | M24: =SUMIFS('Quarterly Information'!$I$40:$I$789,'Quarterly Information'!$H$40:$H$789,Blends!$L24)*C24 -> 0 | N24: =SUMIFS('Quarterly Information'!$I$40:$I$789,'Quarterly Information'!$H$40:$H$789,Blends!$L24)*D24 -> 0 | O24: =SUMIFS('Quarterly Information'!$I$40:$I$789,'Quarterly Information'!$H$40:$H$789,Blends!$L24)*E24 -> 0 | P24: =SUMIFS('Quarterly Information'!$I$40:$I$789,'Quarterly Information'!$H$40:$H$789,Blends!$L24)*F24 -> 0 | Q24: =SUMIFS('Quarterly Information'!$I$40:$I$789,'Quarterly Information'!$H$40:$H$789,Blends!$L24)*G24 -> 0 | R24: =SUMIFS('Quarterly Information'!$I$40:$I$789,'Quarterly Information'!$H$40:$H$789,Blends!$L24)*H24 -> 0 | S24: =SUMIFS('Quarterly Information'!$I$40:$I$789,'Quarterly Information'!$H$40:$H$789,Blends!$L24)*I24 -> 0 | T24: =SUMIFS('Quarterly Information'!$I$40:$I$789,'Quarterly Information'!$H$40:$H$789,Blends!$L24)*J24 -> 0
B25: R-415B | H25: 0.75 | L25: R-415B | M25: =SUMIFS('Quarterly Information'!$I$40:$I$789,'Quarterly Information'!$H$40:$H$789,Blends!$L25)*C25 -> 0 | N25: =SUMIFS('Quarterly Information'!$I$40:$I$789,'Quarterly Information'!$H$40:$H$789,Blends!$L25)*D25 -> 0 | O25: =SUMIFS('Quarterly Information'!$I$40:$I$789,'Quarterly Information'!$H$40:$H$789,Blends!$L25)*E25 -> 0 | P25: =SUMIFS('Quarterly Information'!$I$40:$I$789,'Quarterly Information'!$H$40:$H$789,Blends!$L25)*F25 -> 0 | Q25: =SUMIFS('Quarterly Information'!$I$40:$I$789,'Quarterly Information'!$H$40:$H$789,Blends!$L25)*G25 -> 0 | R25: =SUMIFS('Quarterly Information'!$I$40:$I$789,'Quarterly Information'!$H$40:$H$789,Blends!$L25)*H25 -> 0 | S25: =SUMIFS('Quarterly Information'!$I$40:$I$789,'Quarterly Information'!$H$40:$H$789,Blends!$L25)*I25 -> 0 | T25: =SUMIFS('Quarterly Information'!$I$40:$I$789,'Quarterly Information'!$H$40:$H$789,Blends!$L25)*J25 -> 0
B26: R-416A | F26: 0.59 | L26: R-416A | M26: =SUMIFS('Quarterly Information'!$I$40:$I$789,'Quarterly Information'!$H$40:$H$789,Blends!$L26)*C26 -> 0 | N26: =SUMIFS('Quarterly Information'!$I$40:$I$789,'Quarterly Information'!$H$40:$H$789,Blends!$L26)*D26 -> 0 | O26: =SUMIFS('Quarterly Information'!$I$40:$I$789,'Quarterly Information'!$H$40:$H$789,Blends!$L26)*E26 -> 0 | P26: =SUMIFS('Quarterly Information'!$I$40:$I$789,'Quarterly Information'!$H$40:$H$789,Blends!$L26)*F26 -> 0 | Q26: =SUMIFS('Quarterly Information'!$I$40:$I$789,'Quarterly Information'!$H$40:$H$789,Blends!$L26)*G26 -> 0 | R26: =SUMIFS('Quarterly Information'!$I$40:$I$789,'Quarterly Information'!$H$40:$H$789,Blends!$L26)*H26 -> 0 | S26: =SUMIFS('Quarterly Information'!$I$40:$I$789,'Quarterly Information'!$H$40:$H$789,Blends!$L26)*I26 -> 0 | T26: =SUMIFS('Quarterly Information'!$I$40:$I$789,'Quarterly Information'!$H$40:$H$789,Blends!$L26)*J26 -> 0
B27: R-417A | E27: 0.466 | F27: 0.5 | L27: R-417A | M27: =SUMIFS('Quarterly Information'!$I$40:$I$789,'Quarterly Information'!$H$40:$H$789,Blends!$L27)*C27 -> 0 | N27: =SUMIFS('Quarterly Information'!$I$40:$I$789,'Quarterly Information'!$H$40:$H$789,Blends!$L27)*D27 -> 0 | O27: =SUMIFS('Quarterly Information'!$I$40:$I$789,'Quarterly Information'!$H$40:$H$789,Blends!$L27)*E27 -> 0 | P27: =SUMIFS('Quarterly Information'!$I$40:$I$789,'Quarterly Information'!$H$40:$H$789,Blends!$L27)*F27 -> 0 | Q27: =SUMIFS('Quarterly Information'!$I$40:$I$789,'Quarterly Information'!$H$40:$H$789,Blends!$L27)*G27 -> 0 | R27: =SUMIFS('Quarterly Information'!$I$40:$I$789,'Quarterly Information'!$H$40:$H$789,Blends!$L27)*H27 -> 0 | S27: =SUMIFS('Quarterly Information'!$I$40:$I$789,'Quarterly Information'!$H$40:$H$789,Blends!$L27)*I27 -> 0 | T27: =SUMIFS('Quarterly Information'!$I$40:$I$789,'Quarterly Information'!$H$40:$H$789,Blends!$L27)*J27 -> 0
B28: R-417B | E28: 0.79 | F28: 0.183 | L28: R-417B | M28: =SUMIFS('Quarterly Information'!$I$40:$I$789,'Quarterly Information'!$H$40:$H$789,Blends!$L28)*C28 -> 0 | N28: =SUMIFS('Quarterly Information'!$I$40:$I$789,'Quarterly Information'!$H$40:$H$789,Blends!$L28)*D28 -> 0 | O28: =SUMIFS('Quarterly Information'!$I$40:$I$789,'Quarterly Information'!$H$40:$H$789,Blends!$L28)*E28 -> 0 | P28: =SUMIFS('Quarterly Information'!$I$40:$I$789,'Quarterly Information'!$H$40:$H$789,Blends!$L28)*F28 -> 0 | Q28: =SUMIFS('Quarterly Information'!$I$40:$I$789,'Quarterly Information'!$H$40:$H$789,Blends!$L28)*G28 -> 0 | R28: =SUMIFS('Quarterly Information'!$I$40:$I$789,'Quarterly Information'!$H$40:$H$789,Blends!$L28)*H28 -> 0 | S28: =SUMIFS('Quarterly Information'!$I$40:$I$789,'Quarterly Information'!$H$40:$H$789,Blends!$L28)*I28 -> 0 | T28: =SUMIFS('Quarterly Information'!$I$40:$I$789,'Quarterly Information'!$H$40:$H$789,Blends!$L28)*J28 -> 0
B29: R-417C | E29: 0.195 | F29: 0.788 | L29: R-417C | M29: =SUMIFS('Quarterly Information'!$I$40:$I$789,'Quarterly Information'!$H$40:$H$789,Blends!$L29)*C29 -> 0 | N29: =SUMIFS('Quarterly Information'!$I$40:$I$789,'Quarterly Information'!$H$40:$H$789,Blends!$L29)*D29 -> 0 | O29: =SUMIFS('Quarterly Information'!$I$40:$I$789,'Quarterly Information'!$H$40:$H$789,Blends!$L29)*E29 -> 0 | P29: =SUMIFS('Quarterly Information'!$I$40:$I$789,'Quarterly Information'!$H$40:$H$789,Blends!$L29)*F29 -> 0 | Q29: =SUMIFS('Quarterly Information'!$I$40:$I$789,'Quarterly Information'!$H$40:$H$789,Blends!$L29)*G29 -> 0 | R29: =SUMIFS('Quarterly Information'!$I$40:$I$789,'Quarterly Information'!$H$40:$H$789,Blends!$L29)*H29 -> 0 | S29: =SUMIFS('Quarterly Information'!$I$40:$I$789,'Quarterly Information'!$H$40:$H$789,Blends!$L29)*I29 -> 0 | T29: =SUMIFS('Quarterly Information'!$I$40:$I$789,'Quarterly Information'!$H$40:$H$789,Blends!$L29)*J29 -> 0
B30: R-418A | H30: 0.025 | L30: R-418A | M30: =SUMIFS('Quarterly Information'!$I$40:$I$789,'Quarterly Information'!$H$40:$H$789,Blends!$L30)*C30 -> 0 | N30: =SUMIFS('Quarterly Information'!$I$40:$I$789,'Quarterly Information'!$H$40:$H$789,Blends!$L30)*D30 -> 0 | O30: =SUMIFS('Quarterly Information'!$I$40:$I$789,'Quarterly Information'!$H$40:$H$789,Blends!$L30)*E30 -> 0 | P30: =SUMIFS('Quarterly Information'!$I$40:$I$789,'Quarterly Information'!$H$40:$H$789,Blends!$L30)*F30 -> 0 | Q30: =SUMIFS('Quarterly Information'!$I$40:$I$789,'Quarterly Information'!$H$40:$H$789,Blends!$L30)*G30 -> 0 | R30: =SUMIFS('Quarterly Information'!$I$40:$I$789,'Quarterly Information'!$H$40:$H$789,Blends!$L30)*H30 -> 0 | S30: =SUMIFS('Quarterly Information'!$I$40:$I$789,'Quarterly Information'!$H$40:$H$789,Blends!$L30)*I30 -> 0 | T30: =SUMIFS('Quarterly Information'!$I$40:$I$789,'Quarterly Information'!$H$40:$H$789,Blends!$L30)*J30 -> 0
B31: R-419A | E31: 0.77 | F31: 0.19 | L31: R-419A | M31: =SUMIFS('Quarterly Information'!$I$40:$I$789,'Quarterly Information'!$H$40:$H$789,Blends!$L31)*C31 -> 0 | N31: =SUMIFS('Quarterly Information'!$I$40:$I$789,'Quarterly Information'!$H$40:$H$789,Blends!$L31)*D31 -> 0 | O31: =SUMIFS('Quarterly Information'!$I$40:$I$789,'Quarterly Information'!$H$40:$H$789,Blends!$L31)*E31 -> 0 | P31: =SUMIFS('Quarterly Information'!$I$40:$I$789,'Quarterly Information'!$H$40:$H$789,Blends!$L31)*F31 -> 0 | Q31: =SUMIFS('Quarterly Information'!$I$40:$I$789,'Quarterly Information'!$H$40:$H$789,Blends!$L31)*G31 -> 0 | R31: =SUMIFS('Quarterly Information'!$I$40:$I$789,'Quarterly Information'!$H$40:$H$789,Blends!$L31)*H31 -> 0 | S31: =SUMIFS('Quarterly Information'!$I$40:$I$789,'Quarterly Information'!$H$40:$H$789,Blends!$L31)*I31 -> 0 | T31: =SUMIFS('Quarterly Information'!$I$40:$I$789,'Quarterly Information'!$H$40:$H$789,Blends!$L31)*J31 -> 0
B32: R-419B | E32: 0.485 | F32: 0.48 | L32: R-419B | M32: =SUMIFS('Quarterly Information'!$I$40:$I$789,'Quarterly Information'!$H$40:$H$789,Blends!$L32)*C32 -> 0 | N32: =SUMIFS('Quarterly Information'!$I$40:$I$789,'Quarterly Information'!$H$40:$H$789,Blends!$L32)*D32 -> 0 | O32: =SUMIFS('Quarterly Information'!$I$40:$I$789,'Quarterly Information'!$H$40:$H$789,Blends!$L32)*E32 -> 0 | P32: =SUMIFS('Quarterly Information'!$I$40:$I$789,'Quarterly Information'!$H$40:$H$789,Blends!$L32)*F32 -> 0 | Q32: =SUMIFS('Quarterly Information'!$I$40:$I$789,'Quarterly Information'!$H$40:$H$789,Blends!$L32)*G32 -> 0 | R32: =SUMIFS('Quarterly Information'!$I$40:$I$789,'Quarterly Information'!$H$40:$H$789,Blends!$L32)*H32 -> 0 | S32: =SUMIFS('Quarterly Information'!$I$40:$I$789,'Quarterly Information'!$H$40:$H$789,Blends!$L32)*I32 -> 0 | T32: =SUMIFS('Quarterly Information'!$I$40:$I$789,'Quarterly Information'!$H$40:$H$789,Blends!$L32)*J32 -> 0
B33: R-420A | F33: 0.88 | L33: R-420A | M33: =SUMIFS('Quarterly Information'!$I$40:$I$789,'Quarterly Information'!$H$40:$H$789,Blends!$L33)*C33 -> 0 | N33: =SUMIFS('Quarterly Information'!$I$40:$I$789,'Quarterly Information'!$H$40:$H$789,Blends!$L33)*D33 -> 0 | O33: =SUMIFS('Quarterly Information'!$I$40:$I$789,'Quarterly Information'!$H$40:$H$789,Blends!$L33)*E33 -> 0 | P33: =SUMIFS('Quarterly Information'!$I$40:$I$789,'Quarterly Information'!$H$40:$H$789,Blends!$L33)*F33 -> 0 | Q33: =SUMIFS('Quarterly Information'!$I$40:$I$789,'Quarterly Information'!$H$40:$H$789,Blends!$L33)*G33 -> 0 | R33: =SUMIFS('Quarterly Information'!$I$40:$I$789,'Quarterly Information'!$H$40:$H$789,Blends!$L33)*H33 -> 0 | S33: =SUMIFS('Quarterly Information'!$I$40:$I$789,'Quarterly Information'!$H$40:$H$789,Blends!$L33)*I33 -> 0 | T33: =SUMIFS('Quarterly Information'!$I$40:$I$789,'Quarterly Information'!$H$40:$H$789,Blends!$L33)*J33 -> 0
B34: R-421A | E34: 0.58 | F34: 0.42 | L34: R-421A | M34: =SUMIFS('Quarterly Information'!$I$40:$I$789,'Quarterly Information'!$H$40:$H$789,Blends!$L34)*C34 -> 0 | N34: =SUMIFS('Quarterly Information'!$I$40:$I$789,'Quarterly Information'!$H$40:$H$789,Blends!$L34)*D34 -> 0 | O34: =SUMIFS('Quarterly Information'!$I$40:$I$789,'Quarterly Information'!$H$40:$H$789,Blends!$L34)*E34 -> 0 | P34: =SUMIFS('Quarterly Information'!$I$40:$I$789,'Quarterly Information'!$H$40:$H$789,Blends!$L34)*F34 -> 0 | Q34: =SUMIFS('Quarterly Information'!$I$40:$I$789,'Quarterly Information'!$H$40:$H$789,Blends!$L34)*G34 -> 0 | R34: =SUMIFS('Quarterly Information'!$I$40:$I$789,'Quarterly Information'!$H$40:$H$789,Blends!$L34)*H34 -> 0 | S34: =SUMIFS('Quarterly Information'!$I$40:$I$789,'Quarterly Information'!$H$40:$H$789,Blends!$L34)*I34 -> 0 | T34: =SUMIFS('Quarterly Information'!$I$40:$I$789,'Quarterly Information'!$H$40:$H$789,Blends!$L34)*J34 -> 0
B35: R-421B | E35: 0.85 | F35: 0.15 | L35: R-421B | M35: =SUMIFS('Quarterly Information'!$I$40:$I$789,'Quarterly Information'!$H$40:$H$789,Blends!$L35)*C35 -> 0 | N35: =SUMIFS('Quarterly Information'!$I$40:$I$789,'Quarterly Information'!$H$40:$H$789,Blends!$L35)*D35 -> 0 | O35: =SUMIFS('Quarterly Information'!$I$40:$I$789,'Quarterly Information'!$H$40:$H$789,Blends!$L35)*E35 -> 0 | P35: =SUMIFS('Quarterly Information'!$I$40:$I$789,'Quarterly Information'!$H$40:$H$789,Blends!$L35)*F35 -> 0 | Q35: =SUMIFS('Quarterly Information'!$I$40:$I$789,'Quarterly Information'!$H$40:$H$789,Blends!$L35)*G35 -> 0 | R35: =SUMIFS('Quarterly Information'!$I$40:$I$789,'Quarterly Information'!$H$40:$H$789,Blends!$L35)*H35 -> 0 | S35: =SUMIFS('Quarterly Information'!$I$40:$I$789,'Quarterly Information'!$H$40:$H$789,Blends!$L35)*I35 -> 0 | T35: =SUMIFS('Quarterly Information'!$I$40:$I$789,'Quarterly Information'!$H$40:$H$789,Blends!$L35)*J35 -> 0
B36: R-422A | E36: 0.851 | F36: 0.115 | L36: R-422A | M36: =SUMIFS('Quarterly Information'!$I$40:$I$789,'Quarterly Information'!$H$40:$H$789,Blends!$L36)*C36 -> 0 | N36: =SUMIFS('Quarterly Information'!$I$40:$I$789,'Quarterly Information'!$H$40:$H$789,Blends!$L36)*D36 -> 0 | O36: =SUMIFS('Quarterly Information'!$I$40:$I$789,'Quarterly Information'!$H$40:$H$789,Blends!$L36)*E36 -> 0 | P36: =SUMIFS('Quarterly Information'!$I$40:$I$789,'Quarterly Information'!$H$40:$H$789,Blends!$L36)*F36 -> 0 | Q36: =SUMIFS('Quarterly Information'!$I$40:$I$789,'Quarterly Information'!$H$40:$H$789,Blends!$L36)*G36 -> 0 | R36: =SUMIFS('Quarterly Information'!$I$40:$I$789,'Quarterly Information'!$H$40:$H$789,Blends!$L36)*H36 -> 0 | S36: =SUMIFS('Quarterly Information'!$I$40:$I$789,'Quarterly Information'!$H$40:$H$789,Blends!$L36)*I36 -> 0 | T36: =SUMIFS('Quarterly Information'!$I$40:$I$789,'Quarterly Information'!$H$40:$H$789,Blends!$L36)*J36 -> 0
B37: R-422B | E37: 0.55 | F37: 0.42 | L37: R-422B | M37: =SUMIFS('Quarterly Information'!$I$40:$I$789,'Quarterly Information'!$H$40:$H$789,Blends!$L37)*C37 -> 0 | N37: =SUMIFS('Quarterly Information'!$I$40:$I$789,'Quarterly Information'!$H$40:$H$789,Blends!$L37)*D37 -> 0 | O37: =SUMIFS('Quarterly Information'!$I$40:$I$789,'Quarterly Information'!$H$40:$H$789,Blends!$L37)*E37 -> 0 | P37: =SUMIFS('Quarterly Information'!$I$40:$I$789,'Quarterly Information'!$H$40:$H$789,Blends!$L37)*F37 -> 0 | Q37: =SUMIFS('Quarterly Information'!$I$40:$I$789,'Quarterly Information'!$H$40:$H$789,Blends!$L37)*G37 -> 0 | R37: =SUMIFS('Quarterly Information'!$I$40:$I$789,'Quarterly Information'!$H$40:$H$789,Blends!$L37)*H37 -> 0 | S37: =SUMIFS('Quarterly Information'!$I$40:$I$789,'Quarterly Information'!$H$40:$H$789,Blends!$L37)*I37 -> 0 | T37: =SUMIFS('Quarterly Information'!$I$40:$I$789,'Quarterly Information'!$H$40:$H$789,Blends!$L37)*J37 -> 0
B38: R-422C | E38: 0.82 | F38: 0.15 | L38: R-422C | M38: =SUMIFS('Quarterly Information'!$I$40:$I$789,'Quarterly Information'!$H$40:$H$789,Blends!$L38)*C38 -> 0 | N38: =SUMIFS('Quarterly Information'!$I$40:$I$789,'Quarterly Information'!$H$40:$H$789,Blends!$L38)*D38 -> 0 | O38: =SUMIFS('Quarterly Information'!$I$40:$I$789,'Quarterly Information'!$H$40:$H$789,Blends!$L38)*E38 -> 0 | P38: =SUMIFS('Quarterly Information'!$I$40:$I$789,'Quarterly Information'!$H$40:$H$789,Blends!$L38)*F38 -> 0 | Q38: =SUMIFS('Quarterly Information'!$I$40:$I$789,'Quarterly Information'!$H$40:$H$789,Blends!$L38)*G38 -> 0 | R38: =SUMIFS('Quarterly Information'!$I$40:$I$789,'Quarterly Information'!$H$40:$H$789,Blends!$L38)*H38 -> 0 | S38: =SUMIFS('Quarterly Information'!$I$40:$I$789,'Quarterly Information'!$H$40:$H$789,Blends!$L38)*I38 -> 0 | T38: =SUMIFS('Quarterly Information'!$I$40:$I$789,'Quarterly Information'!$H$40:$H$789,Blends!$L38)*J38 -> 0
B39: R-422D | E39: 0.651 | F39: 0.315 | L39: R-422D | M39: =SUMIFS('Quarterly Information'!$I$40:$I$789,'Quarterly Information'!$H$40:$H$789,Blends!$L39)*C39 -> 0 | N39: =SUMIFS('Quarterly Information'!$I$40:$I$789,'Quarterly Information'!$H$40:$H$789,Blends!$L39)*D39 -> 0 | O39: =SUMIFS('Quarterly Information'!$I$40:$I$789,'Quarterly Information'!$H$40:$H$789,Blends!$L39)*E39 -> 0 | P39: =SUMIFS('Quarterly Information'!$I$40:$I$789,'Quarterly Information'!$H$40:$H$789,Blends!$L39)*F39 -> 0 | Q39: =SUMIFS('Quarterly Information'!$I$40:$I$789,'Quarterly Information'!$H$40:$H$789,Blends!$L39)*G39 -> 0 | R39: =SUMIFS('Quarterly Information'!$I$40:$I$789,'Quarterly Information'!$H$40:$H$789,Blends!$L39)*H39 -> 0 | S39: =SUMIFS('Quarterly Information'!$I$40:$I$789,'Quarterly Information'!$H$40:$H$789,Blends!$L39)*I39 -> 0 | T39: =SUMIFS('Quarterly Information'!$I$40:$I$789,'Quarterly Information'!$H$40:$H$789,Blends!$L39)*J39 -> 0
B40: R-422E | E40: 0.58 | F40: 0.393 | L40: R-422E | M40: =SUMIFS('Quarterly Information'!$I$40:$I$789,'Quarterly Information'!$H$40:$H$789,Blends!$L40)*C40 -> 0 | N40: =SUMIFS('Quarterly Information'!$I$40:$I$789,'Quarterly Information'!$H$40:$H$789,Blends!$L40)*D40 -> 0 | O40: =SUMIFS('Quarterly Information'!$I$40:$I$789,'Quarterly Information'!$H$40:$H$789,Blends!$L40)*E40 -> 0 | P40: =SUMIFS('Quarterly Information'!$I$40:$I$789,'Quarterly Information'!$H$40:$H$789,Blends!$L40)*F40 -> 0 | Q40: =SUMIFS('Quarterly Information'!$I$40:$I$789,'Quarterly Information'!$H$40:$H$789,Blends!$L40)*G40 -> 0 | R40: =SUMIFS('Quarterly Information'!$I$40:$I$789,'Quarterly Information'!$H$40:$H$789,Blends!$L40)*H40 -> 0 | S40: =SUMIFS('Quarterly Information'!$I$40:$I$789,'Quarterly Information'!$H$40:$H$789,Blends!$L40)*I40 -> 0 | T40: =SUMIFS('Quarterly Information'!$I$40:$I$789,'Quarterly Information'!$H$40:$H$789,Blends!$L40)*J40 -> 0
B41: R-423A | F41: 0.525 | I41: 0.475 | L41: R-423A | M41: =SUMIFS('Quarterly Information'!$I$40:$I$789,'Quarterly Information'!$H$40:$H$789,Blends!$L41)*C41 -> 0 | N41: =SUMIFS('Quarterly Information'!$I$40:$I$789,'Quarterly Information'!$H$40:$H$789,Blends!$L41)*D41 -> 0 | O41: =SUMIFS('Quarterly Information'!$I$40:$I$789,'Quarterly Information'!$H$40:$H$789,Blends!$L41)*E41 -> 0 | P41: =SUMIFS('Quarterly Information'!$I$40:$I$789,'Quarterly Information'!$H$40:$H$789,Blends!$L41)*F41 -> 0 | Q41: =SUMIFS('Quarterly Information'!$I$40:$I$789,'Quarterly Information'!$H$40:$H$789,Blends!$L41)*G41 -> 0 | R41: =SUMIFS('Quarterly Information'!$I$40:$I$789,'Quarterly Information'!$H$40:$H$789,Blends!$L41)*H41 -> 0 | S41: =SUMIFS('Quarterly Information'!$I$40:$I$789,'Quarterly Information'!$H$40:$H$789,Blends!$L41)*I41 -> 0 | T41: =SUMIFS('Quarterly Information'!$I$40:$I$789,'Quarterly Information'!$H$40:$H$789,Blends!$L41)*J41 -> 0
B42: R-424A | E42: 0.505 | F42: 0.47 | L42: R-424A | M42: =SUMIFS('Quarterly Information'!$I$40:$I$789,'Quarterly Information'!$H$40:$H$789,Blends!$L42)*C42 -> 0 | N42: =SUMIFS('Quarterly Information'!$I$40:$I$789,'Quarterly Information'!$H$40:$H$789,Blends!$L42)*D42 -> 0 | O42: =SUMIFS('Quarterly Information'!$I$40:$I$789,'Quarterly Information'!$H$40:$H$789,Blends!$L42)*E42 -> 0 | P42: =SUMIFS('Quarterly Information'!$I$40:$I$789,'Quarterly Information'!$H$40:$H$789,Blends!$L42)*F42 -> 0 | Q42: =SUMIFS('Quarterly Information'!$I$40:$I$789,'Quarterly Information'!$H$40:$H$789,Blends!$L42)*G42 -> 0 | R42: =SUMIFS('Quarterly Information'!$I$40:$I$789,'Quarterly Information'!$H$40:$H$789,Blends!$L42)*H42 -> 0 | S42: =SUMIFS('Quarterly Information'!$I$40:$I$789,'Quarterly Information'!$H$40:$H$789,Blends!$L42)*I42 -> 0 | T42: =SUMIFS('Quarterly Information'!$I$40:$I$789,'Quarterly Information'!$H$40:$H$789,Blends!$L42)*J42 -> 0
B43: R-425A | D43: 0.185 | F43: 0.695 | I43: 0.12 | L43: R-425A | M43: =SUMIFS('Quarterly Information'!$I$40:$I$789,'Quarterly Information'!$H$40:$H$789,Blends!$L43)*C43 -> 0 | N43: =SUMIFS('Quarterly Information'!$I$40:$I$789,'Quarterly Information'!$H$40:$H$789,Blends!$L43)*D43 -> 0 | O43: =SUMIFS('Quarterly Information'!$I$40:$I$789,'Quarterly Information'!$H$40:$H$789,Blends!$L43)*E43 -> 0 | P43: =SUMIFS('Quarterly Information'!$I$40:$I$789,'Quarterly Information'!$H$40:$H$789,Blends!$L43)*F43 -> 0 | Q43: =SUMIFS('Quarterly Information'!$I$40:$I$789,'Quarterly Information'!$H$40:$H$789,Blends!$L43)*G43 -> 0 | R43: =SUMIFS('Quarterly Information'!$I$40:$I$789,'Quarterly Information'!$H$40:$H$789,Blends!$L43)*H43 -> 0 | S43: =SUMIFS('Quarterly Information'!$I$40:$I$789,'Quarterly Information'!$H$40:$H$789,Blends!$L43)*I43 -> 0 | T43: =SUMIFS('Quarterly Information'!$I$40:$I$789,'Quarterly Information'!$H$40:$H$789,Blends!$L43)*J43 -> 0
B44: R-426A | E44: 0.051 | F44: 0.93 | L44: R-426A | M44: =SUMIFS('Quarterly Information'!$I$40:$I$789,'Quarterly Information'!$H$40:$H$789,Blends!$L44)*C44 -> 0 | N44: =SUMIFS('Quarterly Information'!$I$40:$I$789,'Quarterly Information'!$H$40:$H$789,Blends!$L44)*D44 -> 0 | O44: =SUMIFS('Quarterly Information'!$I$40:$I$789,'Quarterly Information'!$H$40:$H$789,Blends!$L44)*E44 -> 0 | P44: =SUMIFS('Quarterly Information'!$I$40:$I$789,'Quarterly Information'!$H$40:$H$789,Blends!$L44)*F44 -> 0 | Q44: =SUMIFS('Quarterly Information'!$I$40:$I$789,'Quarterly Information'!$H$40:$H$789,Blends!$L44)*G44 -> 0 | R44: =SUMIFS('Quarterly Information'!$I$40:$I$789,'Quarterly Information'!$H$40:$H$789,Blends!$L44)*H44 -> 0 | S44: =SUMIFS('Quarterly Information'!$I$40:$I$789,'Quarterly Information'!$H$40:$H$789,Blends!$L44)*I44 -> 0 | T44: =SUMIFS('Quarterly Information'!$I$40:$I$789,'Quarterly Information'!$H$40:$H$789,Blends!$L44)*J44 -> 0
B45: R-427A | D45: 0.15 | E45: 0.25 | F45: 0.5 | G45: 0.1 | L45: R-427A | M45: =SUMIFS('Quarterly Information'!$I$40:$I$789,'Quarterly Information'!$H$40:$H$789,Blends!$L45)*C45 -> 0 | N45: =SUMIFS('Quarterly Information'!$I$40:$I$789,'Quarterly Information'!$H$40:$H$789,Blends!$L45)*D45 -> 0 | O45: =SUMIFS('Quarterly Information'!$I$40:$I$789,'Quarterly Information'!$H$40:$H$789,Blends!$L45)*E45 -> 0 | P45: =SUMIFS('Quarterly Information'!$I$40:$I$789,'Quarterly Information'!$H$40:$H$789,Blends!$L45)*F45 -> 0 | Q45: =SUMIFS('Quarterly Information'!$I$40:$I$789,'Quarterly Information'!$H$40:$H$789,Blends!$L45)*G45 -> 0 | R45: =SUMIFS('Quarterly Information'!$I$40:$I$789,'Quarterly Information'!$H$40:$H$789,Blends!$L45)*H45 -> 0 | S45: =SUMIFS('Quarterly Information'!$I$40:$I$789,'Quarterly Information'!$H$40:$H$789,Blends!$L45)*I45 -> 0 | T45: =SUMIFS('Quarterly Information'!$I$40:$I$789,'Quarterly Information'!$H$40:$H$789,Blends!$L45)*J45 -> 0
B46: R-427C | D46: 0.25 | E46: 0.25 | F46: 0.4 | G46: 0.1 | L46: R-427C | M46: =SUMIFS('Quarterly Information'!$I$40:$I$789,'Quarterly Information'!$H$40:$H$789,Blends!$L46)*C46 -> 0 | N46: =SUMIFS('Quarterly Information'!$I$40:$I$789,'Quarterly Information'!$H$40:$H$789,Blends!$L46)*D46 -> 0 | O46: =SUMIFS('Quarterly Information'!$I$40:$I$789,'Quarterly Information'!$H$40:$H$789,Blends!$L46)*E46 -> 0 | P46: =SUMIFS('Quarterly Information'!$I$40:$I$789,'Quarterly Information'!$H$40:$H$789,Blends!$L46)*F46 -> 0 | Q46: =SUMIFS('Quarterly Information'!$I$40:$I$789,'Quarterly Information'!$H$40:$H$789,Blends!$L46)*G46 -> 0 | R46: =SUMIFS('Quarterly Information'!$I$40:$I$789,'Quarterly Information'!$H$40:$H$789,Blends!$L46)*H46 -> 0 | S46: =SUMIFS('Quarterly Information'!$I$40:$I$789,'Quarterly Information'!$H$40:$H$789,Blends!$L46)*I46 -> 0 | T46: =SUMIFS('Quarterly Information'!$I$40:$I$789,'Quarterly Information'!$H$40:$H$789,Blends!$L46)*J46 -> 0
B47: R-428A | E47: 0.775 | G47: 0.2 | L47: R-428A | M47: =SUMIFS('Quarterly Information'!$I$40:$I$789,'Quarterly Information'!$H$40:$H$789,Blends!$L47)*C47 -> 0 | N47: =SUMIFS('Quarterly Information'!$I$40:$I$789,'Quarterly Information'!$H$40:$H$789,Blends!$L47)*D47 -> 0 | O47: =SUMIFS('Quarterly Information'!$I$40:$I$789,'Quarterly Information'!$H$40:$H$789,Blends!$L47)*E47 -> 0 | P47: =SUMIFS('Quarterly Information'!$I$40:$I$789,'Quarterly Information'!$H$40:$H$789,Blends!$L47)*F47 -> 0 | Q47: =SUMIFS('Quarterly Information'!$I$40:$I$789,'Quarterly Information'!$H$40:$H$789,Blends!$L47)*G47 -> 0 | R47: =SUMIFS('Quarterly Information'!$I$40:$I$789,'Quarterly Information'!$H$40:$H$789,Blends!$L47)*H47 -> 0 | S47: =SUMIFS('Quarterly Information'!$I$40:$I$789,'Quarterly Information'!$H$40:$H$789,Blends!$L47)*I47 -> 0 | T47: =SUMIFS('Quarterly Information'!$I$40:$I$789,'Quarterly Information'!$H$40:$H$789,Blends!$L47)*J47 -> 0
B48: R-429A | H48: 0.1 | L48: R-429A | M48: =SUMIFS('Quarterly Information'!$I$40:$I$789,'Quarterly Information'!$H$40:$H$789,Blends!$L48)*C48 -> 0 | N48: =SUMIFS('Quarterly Information'!$I$40:$I$789,'Quarterly Information'!$H$40:$H$789,Blends!$L48)*D48 -> 0 | O48: =SUMIFS('Quarterly Information'!$I$40:$I$789,'Quarterly Information'!$H$40:$H$789,Blends!$L48)*E48 -> 0 | P48: =SUMIFS('Quarterly Information'!$I$40:$I$789,'Quarterly Information'!$H$40:$H$789,Blends!$L48)*F48 -> 0 | Q48: =SUMIFS('Quarterly Information'!$I$40:$I$789,'Quarterly Information'!$H$40:$H$789,Blends!$L48)*G48 -> 0 | R48: =SUMIFS('Quarterly Information'!$I$40:$I$789,'Quarterly Information'!$H$40:$H$789,Blends!$L48)*H48 -> 0 | S48: =SUMIFS('Quarterly Information'!$I$40:$I$789,'Quarterly Information'!$H$40:$H$789,Blends!$L48)*I48 -> 0 | T48: =SUMIFS('Quarterly Information'!$I$40:$I$789,'Quarterly Information'!$H$40:$H$789,Blends!$L48)*J48 -> 0
B49: R-430A | H49: 0.76 | L49: R-430A | M49: =SUMIFS('Quarterly Information'!$I$40:$I$789,'Quarterly Information'!$H$40:$H$789,Blends!$L49)*C49 -> 0 | N49: =SUMIFS('Quarterly Information'!$I$40:$I$789,'Quarterly Information'!$H$40:$H$789,Blends!$L49)*D49 -> 0 | O49: =SUMIFS('Quarterly Information'!$I$40:$I$789,'Quarterly Information'!$H$40:$H$789,Blends!$L49)*E49 -> 0 | P49: =SUMIFS('Quarterly Information'!$I$40:$I$789,'Quarterly Information'!$H$40:$H$789,Blends!$L49)*F49 -> 0 | Q49: =SUMIFS('Quarterly Information'!$I$40:$I$789,'Quarterly Information'!$H$40:$H$789,Blends!$L49)*G49 -> 0 | R49: =SUMIFS('Quarterly Information'!$I$40:$I$789,'Quarterly Information'!$H$40:$H$789,Blends!$L49)*H49 -> 0 | S49: =SUMIFS('Quarterly Information'!$I$40:$I$789,'Quarterly Information'!$H$40:$H$789,Blends!$L49)*I49 -> 0 | T49: =SUMIFS('Quarterly Information'!$I$40:$I$789,'Quarterly Information'!$H$40:$H$789,Blends!$L49)*J49 -> 0
B50: R-431A | H50: 0.29 | L50: R-431A | M50: =SUMIFS('Quarterly Information'!$I$40:$I$789,'Quarterly Information'!$H$40:$H$789,Blends!$L50)*C50 -> 0 | N50: =SUMIFS('Quarterly Information'!$I$40:$I$789,'Quarterly Information'!$H$40:$H$789,Blends!$L50)*D50 -> 0 | O50: =SUMIFS('Quarterly Information'!$I$40:$I$789,'Quarterly Information'!$H$40:$H$789,Blends!$L50)*E50 -> 0 | P50: =SUMIFS('Quarterly Information'!$I$40:$I$789,'Quarterly Information'!$H$40:$H$789,Blends!$L50)*F50 -> 0 | Q50: =SUMIFS('Quarterly Information'!$I$40:$I$789,'Quarterly Information'!$H$40:$H$789,Blends!$L50)*G50 -> 0 | R50: =SUMIFS('Quarterly Information'!$I$40:$I$789,'Quarterly Information'!$H$40:$H$789,Blends!$L50)*H50 -> 0 | S50: =SUMIFS('Quarterly Information'!$I$40:$I$789,'Quarterly Information'!$H$40:$H$789,Blends!$L50)*I50 -> 0 | T50: =SUMIFS('Quarterly Information'!$I$40:$I$789,'Quarterly Information'!$H$40:$H$789,Blends!$L50)*J50 -> 0
B51: R-434A | E51: 0.632 | F51: 0.16 | G51: 0.18 | L51: R-434A | M51: =SUMIFS('Quarterly Information'!$I$40:$I$789,'Quarterly Information'!$H$40:$H$789,Blends!$L51)*C51 -> 0 | N51: =SUMIFS('Quarterly Information'!$I$40:$I$789,'Quarterly Information'!$H$40:$H$789,Blends!$L51)*D51 -> 0 | O51: =SUMIFS('Quarterly Information'!$I$40:$I$789,'Quarterly Information'!$H$40:$H$789,Blends!$L51)*E51 -> 0 | P51: =SUMIFS('Quarterly Information'!$I$40:$I$789,'Quarterly Information'!$H$40:$H$789,Blends!$L51)*F51 -> 0 | Q51: =SUMIFS('Quarterly Information'!$I$40:$I$789,'Quarterly Information'!$H$40:$H$789,Blends!$L51)*G51 -> 0 | R51: =SUMIFS('Quarterly Information'!$I$40:$I$789,'Quarterly Information'!$H$40:$H$789,Blends!$L51)*H51 -> 0 | S51: =SUMIFS('Quarterly Information'!$I$40:$I$789,'Quarterly Information'!$H$40:$H$789,Blends!$L51)*I51 -> 0 | T51: =SUMIFS('Quarterly Information'!$I$40:$I$789,'Quarterly Information'!$H$40:$H$789,Blends!$L51)*J51 -> 0
B52: R-435A | H52: 0.2 | L52: R-435A | M52: =SUMIFS('Quarterly Information'!$I$40:$I$789,'Quarterly Information'!$H$40:$H$789,Blends!$L52)*C52 -> 0 | N52: =SUMIFS('Quarterly Information'!$I$40:$I$789,'Quarterly Information'!$H$40:$H$789,Blends!$L52)*D52 -> 0 | O52: =SUMIFS('Quarterly Information'!$I$40:$I$789,'Quarterly Information'!$H$40:$H$789,Blends!$L52)*E52 -> 0 | P52: =SUMIFS('Quarterly Information'!$I$40:$I$789,'Quarterly Information'!$H$40:$H$789,Blends!$L52)*F52 -> 0 | Q52: =SUMIFS('Quarterly Information'!$I$40:$I$789,'Quarterly Information'!$H$40:$H$789,Blends!$L52)*G52 -> 0 | R52: =SUMIFS('Quarterly Information'!$I$40:$I$789,'Quarterly Information'!$H$40:$H$789,Blends!$L52)*H52 -> 0 | S52: =SUMIFS('Quarterly Information'!$I$40:$I$789,'Quarterly Information'!$H$40:$H$789,Blends!$L52)*I52 -> 0 | T52: =SUMIFS('Quarterly Information'!$I$40:$I$789,'Quarterly Information'!$H$40:$H$789,Blends!$L52)*J52 -> 0
B53: R-437A | E53: 0.195 | F53: 0.785 | L53: R-437A | M53: =SUMIFS('Quarterly Information'!$I$40:$I$789,'Quarterly Information'!$H$40:$H$789,Blends!$L53)*C53 -> 0 | N53: =SUMIFS('Quarterly Information'!$I$40:$I$789,'Quarterly Information'!$H$40:$H$789,Blends!$L53)*D53 -> 0 | O53: =SUMIFS('Quarterly Information'!$I$40:$I$789,'Quarterly Information'!$H$40:$H$789,Blends!$L53)*E53 -> 0 | P53: =SUMIFS('Quarterly Information'!$I$40:$I$789,'Quarterly Information'!$H$40:$H$789,Blends!$L53)*F53 -> 0 | Q53: =SUMIFS('Quarterly Information'!$I$40:$I$789,'Quarterly Information'!$H$40:$H$789,Blends!$L53)*G53 -> 0 | R53: =SUMIFS('Quarterly Information'!$I$40:$I$789,'Quarterly Information'!$H$40:$H$789,Blends!$L53)*H53 -> 0 | S53: =SUMIFS('Quarterly Information'!$I$40:$I$789,'Quarterly Information'!$H$40:$H$789,Blends!$L53)*I53 -> 0 | T53: =SUMIFS('Quarterly Information'!$I$40:$I$789,'Quarterly Information'!$H$40:$H$789,Blends!$L53)*J53 -> 0
B54: R-438A | D54: 0.085 | E54: 0.45 | F54: 0.442 | L54: R-438A | M54: =SUMIFS('Quarterly Information'!$I$40:$I$789,'Quarterly Information'!$H$40:$H$789,Blends!$L54)*C54 -> 0 | N54: =SUMIFS('Quarterly Information'!$I$40:$I$789,'Quarterly Information'!$H$40:$H$789,Blends!$L54)*D54 -> 0 | O54: =SUMIFS('Quarterly Information'!$I$40:$I$789,'Quarterly Information'!$H$40:$H$789,Blends!$L54)*E54 -> 0 | P54: =SUMIFS('Quarterly Information'!$I$40:$I$789,'Quarterly Information'!$H$40:$H$789,Blends!$L54)*F54 -> 0 | Q54: =SUMIFS('Quarterly Information'!$I$40:$I$789,'Quarterly Information'!$H$40:$H$789,Blends!$L54)*G54 -> 0 | R54: =SUMIFS('Quarterly Information'!$I$40:$I$789,'Quarterly Information'!$H$40:$H$789,Blends!$L54)*H54 -> 0 | S54: =SUMIFS('Quarterly Information'!$I$40:$I$789,'Quarterly Information'!$H$40:$H$789,Blends!$L54)*I54 -> 0 | T54: =SUMIFS('Quarterly Information'!$I$40:$I$789,'Quarterly Information'!$H$40:$H$789,Blends!$L54)*J54 -> 0
B55: R-439A | D55: 0.5 | E55: 0.47 | L55: R-439A | M55: =SUMIFS('Quarterly Information'!$I$40:$I$789,'Quarterly Information'!$H$40:$H$789,Blends!$L55)*C55 -> 0 | N55: =SUMIFS('Quarterly Information'!$I$40:$I$789,'Quarterly Information'!$H$40:$H$789,Blends!$L55)*D55 -> 0 | O55: =SUMIFS('Quarterly Information'!$I$40:$I$789,'Quarterly Information'!$H$40:$H$789,Blends!$L55)*E55 -> 0 | P55: =SUMIFS('Quarterly Information'!$I$40:$I$789,'Quarterly Information'!$H$40:$H$789,Blends!$L55)*F55 -> 0 | Q55: =SUMIFS('Quarterly Information'!$I$40:$I$789,'Quarterly Information'!$H$40:$H$789,Blends!$L55)*G55 -> 0 | R55: =SUMIFS('Quarterly Information'!$I$40:$I$789,'Quarterly Information'!$H$40:$H$789,Blends!$L55)*H55 -> 0 | S55: =SUMIFS('Quarterly Information'!$I$40:$I$789,'Quarterly Information'!$H$40:$H$789,Blends!$L55)*I55 -> 0 | T55: =SUMIFS('Quarterly Information'!$I$40:$I$789,'Quarterly Information'!$H$40:$H$789,Blends!$L55)*J55 -> 0
B56: R-440A | F56: 0.016 | H56: 0.978 | L56: R-440A | M56: =SUMIFS('Quarterly Information'!$I$40:$I$789,'Quarterly Information'!$H$40:$H$789,Blends!$L56)*C56 -> 0 | N56: =SUMIFS('Quarterly Information'!$I$40:$I$789,'Quarterly Information'!$H$40:$H$789,Blends!$L56)*D56 -> 0 | O56: =SUMIFS('Quarterly Information'!$I$40:$I$789,'Quarterly Information'!$H$40:$H$789,Blends!$L56)*E56 -> 0 | P56: =SUMIFS('Quarterly Information'!$I$40:$I$789,'Quarterly Information'!$H$40:$H$789,Blends!$L56)*F56 -> 0 | Q56: =SUMIFS('Quarterly Information'!$I$40:$I$789,'Quarterly Information'!$H$40:$H$789,Blends!$L56)*G56 -> 0 | R56: =SUMIFS('Quarterly Information'!$I$40:$I$789,'Quarterly Information'!$H$40:$H$789,Blends!$L56)*H56 -> 0 | S56: =SUMIFS('Quarterly Information'!$I$40:$I$789,'Quarterly Information'!$H$40:$H$789,Blends!$L56)*I56 -> 0 | T56: =SUMIFS('Quarterly Information'!$I$40:$I$789,'Quarterly Information'!$H$40:$H$789,Blends!$L56)*J56 -> 0
B57: R-442A | D57: 0.31 | E57: 0.31 | F57: 0.3 | H57: 0.03 | I57: 0.05 | L57: R-442A | M57: =SUMIFS('Quarterly Information'!$I$40:$I$789,'Quarterly Information'!$H$40:$H$789,Blends!$L57)*C57 -> 0 | N57: =SUMIFS('Quarterly Information'!$I$40:$I$789,'Quarterly Information'!$H$40:$H$789,Blends!$L57)*D57 -> 0 | O57: =SUMIFS('Quarterly Information'!$I$40:$I$789,'Quarterly Information'!$H$40:$H$789,Blends!$L57)*E57 -> 0 | P57: =SUMIFS('Quarterly Information'!$I$40:$I$789,'Quarterly Information'!$H$40:$H$789,Blends!$L57)*F57 -> 0 | Q57: =SUMIFS('Quarterly Information'!$I$40:$I$789,'Quarterly Information'!$H$40:$H$789,Blends!$L57)*G57 -> 0 | R57: =SUMIFS('Quarterly Information'!$I$40:$I$789,'Quarterly Information'!$H$40:$H$789,Blends!$L57)*H57 -> 0 | S57: =SUMIFS('Quarterly Information'!$I$40:$I$789,'Quarterly Information'!$H$40:$H$789,Blends!$L57)*I57 -> 0 | T57: =SUMIFS('Quarterly Information'!$I$40:$I$789,'Quarterly Information'!$H$40:$H$789,Blends!$L57)*J57 -> 0
B58: R-444A | D58: 0.12 | H58: 0.05 | L58: R-444A | M58: =SUMIFS('Quarterly Information'!$I$40:$I$789,'Quarterly Information'!$H$40:$H$789,Blends!$L58)*C58 -> 0 | N58: =SUMIFS('Quarterly Information'!$I$40:$I$789,'Quarterly Information'!$H$40:$H$789,Blends!$L58)*D58 -> 0 | O58: =SUMIFS('Quarterly Information'!$I$40:$I$789,'Quarterly Information'!$H$40:$H$789,Blends!$L58)*E58 -> 0 | P58: =SUMIFS('Quarterly Information'!$I$40:$I$789,'Quarterly Information'!$H$40:$H$789,Blends!$L58)*F58 -> 0 | Q58: =SUMIFS('Quarterly Information'!$I$40:$I$789,'Quarterly Information'!$H$40:$H$789,Blends!$L58)*G58 -> 0 | R58: =SUMIFS('Quarterly Information'!$I$40:$I$789,'Quarterly Information'!$H$40:$H$789,Blends!$L58)*H58 -> 0 | S58: =SUMIFS('Quarterly Information'!$I$40:$I$789,'Quarterly Information'!$H$40:$H$789,Blends!$L58)*I58 -> 0 | T58: =SUMIFS('Quarterly Information'!$I$40:$I$789,'Quarterly Information'!$H$40:$H$789,Blends!$L58)*J58 -> 0
B59: R-444B | D59: 0.415 | H59: 0.1 | L59: R-444B | M59: =SUMIFS('Quarterly Information'!$I$40:$I$789,'Quarterly Information'!$H$40:$H$789,Blends!$L59)*C59 -> 0 | N59: =SUMIFS('Quarterly Information'!$I$40:$I$789,'Quarterly Information'!$H$40:$H$789,Blends!$L59)*D59 -> 0 | O59: =SUMIFS('Quarterly Information'!$I$40:$I$789,'Quarterly Information'!$H$40:$H$789,Blends!$L59)*E59 -> 0 | P59: =SUMIFS('Quarterly Information'!$I$40:$I$789,'Quarterly Information'!$H$40:$H$789,Blends!$L59)*F59 -> 0 | Q59: =SUMIFS('Quarterly Information'!$I$40:$I$789,'Quarterly Information'!$H$40:$H$789,Blends!$L59)*G59 -> 0 | R59: =SUMIFS('Quarterly Information'!$I$40:$I$789,'Quarterly Information'!$H$40:$H$789,Blends!$L59)*H59 -> 0 | S59: =SUMIFS('Quarterly Information'!$I$40:$I$789,'Quarterly Information'!$H$40:$H$789,Blends!$L59)*I59 -> 0 | T59: =SUMIFS('Quarterly Information'!$I$40:$I$789,'Quarterly Information'!$H$40:$H$789,Blends!$L59)*J59 -> 0
B60: R-445A | F60: 0.09 | L60: R-445A | M60: =SUMIFS('Quarterly Information'!$I$40:$I$789,'Quarterly Information'!$H$40:$H$789,Blends!$L60)*C60 -> 0 | N60: =SUMIFS('Quarterly Information'!$I$40:$I$789,'Quarterly Information'!$H$40:$H$789,Blends!$L60)*D60 -> 0 | O60: =SUMIFS('Quarterly Information'!$I$40:$I$789,'Quarterly Information'!$H$40:$H$789,Blends!$L60)*E60 -> 0 | P60: =SUMIFS('Quarterly Information'!$I$40:$I$789,'Quarterly Information'!$H$40:$H$789,Blends!$L60)*F60 -> 0 | Q60: =SUMIFS('Quarterly Information'!$I$40:$I$789,'Quarterly Information'!$H$40:$H$789,Blends!$L60)*G60 -> 0 | R60: =SUMIFS('Quarterly Information'!$I$40:$I$789,'Quarterly Information'!$H$40:$H$789,Blends!$L60)*H60 -> 0 | S60: =SUMIFS('Quarterly Information'!$I$40:$I$789,'Quarterly Information'!$H$40:$H$789,Blends!$L60)*I60 -> 0 | T60: =SUMIFS('Quarterly Information'!$I$40:$I$789,'Quarterly Information'!$H$40:$H$789,Blends!$L60)*J60 -> 0
B61: R-446A | D61: 0.68 | L61: R-446A | M61: =SUMIFS('Quarterly Information'!$I$40:$I$789,'Quarterly Information'!$H$40:$H$789,Blends!$L61)*C61 -> 0 | N61: =SUMIFS('Quarterly Information'!$I$40:$I$789,'Quarterly Information'!$H$40:$H$789,Blends!$L61)*D61 -> 0 | O61: =SUMIFS('Quarterly Information'!$I$40:$I$789,'Quarterly Information'!$H$40:$H$789,Blends!$L61)*E61 -> 0 | P61: =SUMIFS('Quarterly Information'!$I$40:$I$789,'Quarterly Information'!$H$40:$H$789,Blends!$L61)*F61 -> 0 | Q61: =SUMIFS('Quarterly Information'!$I$40:$I$789,'Quarterly Information'!$H$40:$H$789,Blends!$L61)*G61 -> 0 | R61: =SUMIFS('Quarterly Information'!$I$40:$I$789,'Quarterly Information'!$H$40:$H$789,Blends!$L61)*H61 -> 0 | S61: =SUMIFS('Quarterly Information'!$I$40:$I$789,'Quarterly Information'!$H$40:$H$789,Blends!$L61)*I61 -> 0 | T61: =SUMIFS('Quarterly Information'!$I$40:$I$789,'Quarterly Information'!$H$40:$H$789,Blends!$L61)*J61 -> 0
B62: R-447A | D62: 0.68 | E62: 0.035 | L62: R-447A | M62: =SUMIFS('Quarterly Information'!$I$40:$I$789,'Quarterly Information'!$H$40:$H$789,Blends!$L62)*C62 -> 0 | N62: =SUMIFS('Quarterly Information'!$I$40:$I$789,'Quarterly Information'!$H$40:$H$789,Blends!$L62)*D62 -> 0 | O62: =SUMIFS('Quarterly Information'!$I$40:$I$789,'Quarterly Information'!$H$40:$H$789,Blends!$L62)*E62 -> 0 | P62: =SUMIFS('Quarterly Information'!$I$40:$I$789,'Quarterly Information'!$H$40:$H$789,Blends!$L62)*F62 -> 0 | Q62: =SUMIFS('Quarterly Information'!$I$40:$I$789,'Quarterly Information'!$H$40:$H$789,Blends!$L62)*G62 -> 0 | R62: =SUMIFS('Quarterly Information'!$I$40:$I$789,'Quarterly Information'!$H$40:$H$789,Blends!$L62)*H62 -> 0 | S62: =SUMIFS('Quarterly Information'!$I$40:$I$789,'Quarterly Information'!$H$40:$H$789,Blends!$L62)*I62 -> 0 | T62: =SUMIFS('Quarterly Information'!$I$40:$I$789,'Quarterly Information'!$H$40:$H$789,Blends!$L62)*J62 -> 0
B63: R-447B | D63: 0.68 | E63: 0.08 | L63: R-447B | M63: =SUMIFS('Quarterly Information'!$I$40:$I$789,'Quarterly Information'!$H$40:$H$789,Blends!$L63)*C63 -> 0 | N63: =SUMIFS('Quarterly Information'!$I$40:$I$789,'Quarterly Information'!$H$40:$H$789,Blends!$L63)*D63 -> 0 | O63: =SUMIFS('Quarterly Information'!$I$40:$I$789,'Quarterly Information'!$H$40:$H$789,Blends!$L63)*E63 -> 0 | P63: =SUMIFS('Quarterly Information'!$I$40:$I$789,'Quarterly Information'!$H$40:$H$789,Blends!$L63)*F63 -> 0 | Q63: =SUMIFS('Quarterly Information'!$I$40:$I$789,'Quarterly Information'!$H$40:$H$789,Blends!$L63)*G63 -> 0 | R63: =SUMIFS('Quarterly Information'!$I$40:$I$789,'Quarterly Information'!$H$40:$H$789,Blends!$L63)*H63 -> 0 | S63: =SUMIFS('Quarterly Information'!$I$40:$I$789,'Quarterly Information'!$H$40:$H$789,Blends!$L63)*I63 -> 0 | T63: =SUMIFS('Quarterly Information'!$I$40:$I$789,'Quarterly Information'!$H$40:$H$789,Blends!$L63)*J63 -> 0
B64: R-448A | D64: 0.26 | E64: 0.26 | F64: 0.21 | L64: R-448A | M64: =SUMIFS('Quarterly Information'!$I$40:$I$789,'Quarterly Information'!$H$40:$H$789,Blends!$L64)*C64 -> 0 | N64: =SUMIFS('Quarterly Information'!$I$40:$I$789,'Quarterly Information'!$H$40:$H$789,Blends!$L64)*D64 -> 0 | O64: =SUMIFS('Quarterly Information'!$I$40:$I$789,'Quarterly Information'!$H$40:$H$789,Blends!$L64)*E64 -> 0 | P64: =SUMIFS('Quarterly Information'!$I$40:$I$789,'Quarterly Information'!$H$40:$H$789,Blends!$L64)*F64 -> 0 | Q64: =SUMIFS('Quarterly Information'!$I$40:$I$789,'Quarterly Information'!$H$40:$H$789,Blends!$L64)*G64 -> 0 | R64: =SUMIFS('Quarterly Information'!$I$40:$I$789,'Quarterly Information'!$H$40:$H$789,Blends!$L64)*H64 -> 0 | S64: =SUMIFS('Quarterly Information'!$I$40:$I$789,'Quarterly Information'!$H$40:$H$789,Blends!$L64)*I64 -> 0 | T64: =SUMIFS('Quarterly Information'!$I$40:$I$789,'Quarterly Information'!$H$40:$H$789,Blends!$L64)*J64 -> 0
B65: R-448B | D65: 0.21 | E65: 0.21 | F65: 0.31 | L65: R-448B | M65: =SUMIFS('Quarterly Information'!$I$40:$I$789,'Quarterly Information'!$H$40:$H$789,Blends!$L65)*C65 -> 0 | N65: =SUMIFS('Quarterly Information'!$I$40:$I$789,'Quarterly Information'!$H$40:$H$789,Blends!$L65)*D65 -> 0 | O65: =SUMIFS('Quarterly Information'!$I$40:$I$789,'Quarterly Information'!$H$40:$H$789,Blends!$L65)*E65 -> 0 | P65: =SUMIFS('Quarterly Information'!$I$40:$I$789,'Quarterly Information'!$H$40:$H$789,Blends!$L65)*F65 -> 0 | Q65: =SUMIFS('Quarterly Information'!$I$40:$I$789,'Quarterly Information'!$H$40:$H$789,Blends!$L65)*G65 -> 0 | R65: =SUMIFS('Quarterly Information'!$I$40:$I$789,'Quarterly Information'!$H$40:$H$789,Blends!$L65)*H65 -> 0 | S65: =SUMIFS('Quarterly Information'!$I$40:$I$789,'Quarterly Information'!$H$40:$H$789,Blends!$L65)*I65 -> 0 | T65: =SUMIFS('Quarterly Information'!$I$40:$I$789,'Quarterly Information'!$H$40:$H$789,Blends!$L65)*J65 -> 0
B66: R-449A | D66: 0.243 | E66: 0.247 | F66: 0.257 | L66: R-449A | M66: =SUMIFS('Quarterly Information'!$I$40:$I$789,'Quarterly Information'!$H$40:$H$789,Blends!$L66)*C66 -> 0 | N66: =SUMIFS('Quarterly Information'!$I$40:$I$789,'Quarterly Information'!$H$40:$H$789,Blends!$L66)*D66 -> 0 | O66: =SUMIFS('Quarterly Information'!$I$40:$I$789,'Quarterly Information'!$H$40:$H$789,Blends!$L66)*E66 -> 0 | P66: =SUMIFS('Quarterly Information'!$I$40:$I$789,'Quarterly Information'!$H$40:$H$789,Blends!$L66)*F66 -> 0 | Q66: =SUMIFS('Quarterly Information'!$I$40:$I$789,'Quarterly Information'!$H$40:$H$789,Blends!$L66)*G66 -> 0 | R66: =SUMIFS('Quarterly Information'!$I$40:$I$789,'Quarterly Information'!$H$40:$H$789,Blends!$L66)*H66 -> 0 | S66: =SUMIFS('Quarterly Information'!$I$40:$I$789,'Quarterly Information'!$H$40:$H$789,Blends!$L66)*I66 -> 0 | T66: =SUMIFS('Quarterly Information'!$I$40:$I$789,'Quarterly Information'!$H$40:$H$789,Blends!$L66)*J66 -> 0
B67: R-449B | D67: 0.252 | E67: 0.243 | F67: 0.273 | L67: R-449B | M67: =SUMIFS('Quarterly Information'!$I$40:$I$789,'Quarterly Information'!$H$40:$H$789,Blends!$L67)*C67 -> 0 | N67: =SUMIFS('Quarterly Information'!$I$40:$I$789,'Quarterly Information'!$H$40:$H$789,Blends!$L67)*D67 -> 0 | O67: =SUMIFS('Quarterly Information'!$I$40:$I$789,'Quarterly Information'!$H$40:$H$789,Blends!$L67)*E67 -> 0 | P67: =SUMIFS('Quarterly Information'!$I$40:$I$789,'Quarterly Information'!$H$40:$H$789,Blends!$L67)*F67 -> 0 | Q67: =SUMIFS('Quarterly Information'!$I$40:$I$789,'Quarterly Information'!$H$40:$H$789,Blends!$L67)*G67 -> 0 | R67: =SUMIFS('Quarterly Information'!$I$40:$I$789,'Quarterly Information'!$H$40:$H$789,Blends!$L67)*H67 -> 0 | S67: =SUMIFS('Quarterly Information'!$I$40:$I$789,'Quarterly Information'!$H$40:$H$789,Blends!$L67)*I67 -> 0 | T67: =SUMIFS('Quarterly Information'!$I$40:$I$789,'Quarterly Information'!$H$40:$H$789,Blends!$L67)*J67 -> 0
B68: R-449C | D68: 0.2 | E68: 0.2 | F68: 0.29 | L68: R-449C | M68: =SUMIFS('Quarterly Information'!$I$40:$I$789,'Quarterly Information'!$H$40:$H$789,Blends!$L68)*C68 -> 0 | N68: =SUMIFS('Quarterly Information'!$I$40:$I$789,'Quarterly Information'!$H$40:$H$789,Blends!$L68)*D68 -> 0 | O68: =SUMIFS('Quarterly Information'!$I$40:$I$789,'Quarterly Information'!$H$40:$H$789,Blends!$L68)*E68 -> 0 | P68: =SUMIFS('Quarterly Information'!$I$40:$I$789,'Quarterly Information'!$H$40:$H$789,Blends!$L68)*F68 -> 0 | Q68: =SUMIFS('Quarterly Information'!$I$40:$I$789,'Quarterly Information'!$H$40:$H$789,Blends!$L68)*G68 -> 0 | R68: =SUMIFS('Quarterly Information'!$I$40:$I$789,'Quarterly Information'!$H$40:$H$789,Blends!$L68)*H68 -> 0 | S68: =SUMIFS('Quarterly Information'!$I$40:$I$789,'Quarterly Information'!$H$40:$H$789,Blends!$L68)*I68 -> 0 | T68: =SUMIFS('Quarterly Information'!$I$40:$I$789,'Quarterly Information'!$H$40:$H$789,Blends!$L68)*J68 -> 0
B69: R-450A | F69: 0.42 | L69: R-450A | M69: =SUMIFS('Quarterly Information'!$I$40:$I$789,'Quarterly Information'!$H$40:$H$789,Blends!$L69)*C69 -> 0 | N69: =SUMIFS('Quarterly Information'!$I$40:$I$789,'Quarterly Information'!$H$40:$H$789,Blends!$L69)*D69 -> 0 | O69: =SUMIFS('Quarterly Information'!$I$40:$I$789,'Quarterly Information'!$H$40:$H$789,Blends!$L69)*E69 -> 0 | P69: =SUMIFS('Quarterly Information'!$I$40:$I$789,'Quarterly Information'!$H$40:$H$789,Blends!$L69)*F69 -> 0 | Q69: =SUMIFS('Quarterly Information'!$I$40:$I$789,'Quarterly Information'!$H$40:$H$789,Blends!$L69)*G69 -> 0 | R69: =SUMIFS('Quarterly Information'!$I$40:$I$789,'Quarterly Information'!$H$40:$H$789,Blends!$L69)*H69 -> 0 | S69: =SUMIFS('Quarterly Information'!$I$40:$I$789,'Quarterly Information'!$H$40:$H$789,Blends!$L69)*I69 -> 0 | T69: =SUMIFS('Quarterly Information'!$I$40:$I$789,'Quarterly Information'!$H$40:$H$789,Blends!$L69)*J69 -> 0
B70: R-451A | F70: 0.102 | L70: R-451A | M70: =SUMIFS('Quarterly Information'!$I$40:$I$789,'Quarterly Information'!$H$40:$H$789,Blends!$L70)*C70 -> 0 | N70: =SUMIFS('Quarterly Information'!$I$40:$I$789,'Quarterly Information'!$H$40:$H$789,Blends!$L70)*D70 -> 0 | O70: =SUMIFS('Quarterly Information'!$I$40:$I$789,'Quarterly Information'!$H$40:$H$789,Blends!$L70)*E70 -> 0 | P70: =SUMIFS('Quarterly Information'!$I$40:$I$789,'Quarterly Information'!$H$40:$H$789,Blends!$L70)*F70 -> 0 | Q70: =SUMIFS('Quarterly Information'!$I$40:$I$789,'Quarterly Information'!$H$40:$H$789,Blends!$L70)*G70 -> 0 | R70: =SUMIFS('Quarterly Information'!$I$40:$I$789,'Quarterly Information'!$H$40:$H$789,Blends!$L70)*H70 -> 0 | S70: =SUMIFS('Quarterly Information'!$I$40:$I$789,'Quarterly Information'!$H$40:$H$789,Blends!$L70)*I70 -> 0 | T70: =SUMIFS('Quarterly Information'!$I$40:$I$789,'Quarterly Information'!$H$40:$H$789,Blends!$L70)*J70 -> 0
B71: R-451B | F71: 0.112 | L71: R-451B | M71: =SUMIFS('Quarterly Information'!$I$40:$I$789,'Quarterly Information'!$H$40:$H$789,Blends!$L71)*C71 -> 0 | N71: =SUMIFS('Quarterly Information'!$I$40:$I$789,'Quarterly Information'!$H$40:$H$789,Blends!$L71)*D71 -> 0 | O71: =SUMIFS('Quarterly Information'!$I$40:$I$789,'Quarterly Information'!$H$40:$H$789,Blends!$L71)*E71 -> 0 | P71: =SUMIFS('Quarterly Information'!$I$40:$I$789,'Quarterly Information'!$H$40:$H$789,Blends!$L71)*F71 -> 0 | Q71: =SUMIFS('Quarterly Information'!$I$40:$I$789,'Quarterly Information'!$H$40:$H$789,Blends!$L71)*G71 -> 0 | R71: =SUMIFS('Quarterly Information'!$I$40:$I$789,'Quarterly Information'!$H$40:$H$789,Blends!$L71)*H71 -> 0 | S71: =SUMIFS('Quarterly Information'!$I$40:$I$789,'Quarterly Information'!$H$40:$H$789,Blends!$L71)*I71 -> 0 | T71: =SUMIFS('Quarterly Information'!$I$40:$I$789,'Quarterly Information'!$H$40:$H$789,Blends!$L71)*J71 -> 0
B72: R-452A | D72: 0.11 | E72: 0.59 | L72: R-452A | M72: =SUMIFS('Quarterly Information'!$I$40:$I$789,'Quarterly Information'!$H$40:$H$789,Blends!$L72)*C72 -> 0 | N72: =SUMIFS('Quarterly Information'!$I$40:$I$789,'Quarterly Information'!$H$40:$H$789,Blends!$L72)*D72 -> 0 | O72: =SUMIFS('Quarterly Information'!$I$40:$I$789,'Quarterly Information'!$H$40:$H$789,Blends!$L72)*E72 -> 0 | P72: =SUMIFS('Quarterly Information'!$I$40:$I$789,'Quarterly Information'!$H$40:$H$789,Blends!$L72)*F72 -> 0 | Q72: =SUMIFS('Quarterly Information'!$I$40:$I$789,'Quarterly Information'!$H$40:$H$789,Blends!$L72)*G72 -> 0 | R72: =SUMIFS('Quarterly Information'!$I$40:$I$789,'Quarterly Information'!$H$40:$H$789,Blends!$L72)*H72 -> 0 | S72: =SUMIFS('Quarterly Information'!$I$40:$I$789,'Quarterly Information'!$H$40:$H$789,Blends!$L72)*I72 -> 0 | T72: =SUMIFS('Quarterly Information'!$I$40:$I$789,'Quarterly Information'!$H$40:$H$789,Blends!$L72)*J72 -> 0
B73: R-452B | D73: 0.67 | E73: 0.07 | L73: R-452B | M73: =SUMIFS('Quarterly Information'!$I$40:$I$789,'Quarterly Information'!$H$40:$H$789,Blends!$L73)*C73 -> 0 | N73: =SUMIFS('Quarterly Information'!$I$40:$I$789,'Quarterly Information'!$H$40:$H$789,Blends!$L73)*D73 -> 0 | O73: =SUMIFS('Quarterly Information'!$I$40:$I$789,'Quarterly Information'!$H$40:$H$789,Blends!$L73)*E73 -> 0 | P73: =SUMIFS('Quarterly Information'!$I$40:$I$789,'Quarterly Information'!$H$40:$H$789,Blends!$L73)*F73 -> 0 | Q73: =SUMIFS('Quarterly Information'!$I$40:$I$789,'Quarterly Information'!$H$40:$H$789,Blends!$L73)*G73 -> 0 | R73: =SUMIFS('Quarterly Information'!$I$40:$I$789,'Quarterly Information'!$H$40:$H$789,Blends!$L73)*H73 -> 0 | S73: =SUMIFS('Quarterly Information'!$I$40:$I$789,'Quarterly Information'!$H$40:$H$789,Blends!$L73)*I73 -> 0 | T73: =SUMIFS('Quarterly Information'!$I$40:$I$789,'Quarterly Information'!$H$40:$H$789,Blends!$L73)*J73 -> 0
B74: R-452C | D74: 0.125 | E74: 0.61 | L74: R-452C | M74: =SUMIFS('Quarterly Information'!$I$40:$I$789,'Quarterly Information'!$H$40:$H$789,Blends!$L74)*C74 -> 0 | N74: =SUMIFS('Quarterly Information'!$I$40:$I$789,'Quarterly Information'!$H$40:$H$789,Blends!$L74)*D74 -> 0 | O74: =SUMIFS('Quarterly Information'!$I$40:$I$789,'Quarterly Information'!$H$40:$H$789,Blends!$L74)*E74 -> 0 | P74: =SUMIFS('Quarterly Information'!$I$40:$I$789,'Quarterly Information'!$H$40:$H$789,Blends!$L74)*F74 -> 0 | Q74: =SUMIFS('Quarterly Information'!$I$40:$I$789,'Quarterly Information'!$H$40:$H$789,Blends!$L74)*G74 -> 0 | R74: =SUMIFS('Quarterly Information'!$I$40:$I$789,'Quarterly Information'!$H$40:$H$789,Blends!$L74)*H74 -> 0 | S74: =SUMIFS('Quarterly Information'!$I$40:$I$789,'Quarterly Information'!$H$40:$H$789,Blends!$L74)*I74 -> 0 | T74: =SUMIFS('Quarterly Information'!$I$40:$I$789,'Quarterly Information'!$H$40:$H$789,Blends!$L74)*J74 -> 0
B75: R-453A | D75: 0.2 | E75: 0.2 | F75: 0.538 | I75: 0.05 | L75: R-453A | M75: =SUMIFS('Quarterly Information'!$I$40:$I$789,'Quarterly Information'!$H$40:$H$789,Blends!$L75)*C75 -> 0 | N75: =SUMIFS('Quarterly Information'!$I$40:$I$789,'Quarterly Information'!$H$40:$H$789,Blends!$L75)*D75 -> 0 | O75: =SUMIFS('Quarterly Information'!$I$40:$I$789,'Quarterly Information'!$H$40:$H$789,Blends!$L75)*E75 -> 0 | P75: =SUMIFS('Quarterly Information'!$I$40:$I$789,'Quarterly Information'!$H$40:$H$789,Blends!$L75)*F75 -> 0 | Q75: =SUMIFS('Quarterly Information'!$I$40:$I$789,'Quarterly Information'!$H$40:$H$789,Blends!$L75)*G75 -> 0 | R75: =SUMIFS('Quarterly Information'!$I$40:$I$789,'Quarterly Information'!$H$40:$H$789,Blends!$L75)*H75 -> 0 | S75: =SUMIFS('Quarterly Information'!$I$40:$I$789,'Quarterly Information'!$H$40:$H$789,Blends!$L75)*I75 -> 0 | T75: =SUMIFS('Quarterly Information'!$I$40:$I$789,'Quarterly Information'!$H$40:$H$789,Blends!$L75)*J75 -> 0
B76: R-454A | D76: 0.35 | L76: R-454A | M76: =SUMIFS('Quarterly Information'!$I$40:$I$789,'Quarterly Information'!$H$40:$H$789,Blends!$L76)*C76 -> 0 | N76: =SUMIFS('Quarterly Information'!$I$40:$I$789,'Quarterly Information'!$H$40:$H$789,Blends!$L76)*D76 -> 0 | O76: =SUMIFS('Quarterly Information'!$I$40:$I$789,'Quarterly Information'!$H$40:$H$789,Blends!$L76)*E76 -> 0 | P76: =SUMIFS('Quarterly Information'!$I$40:$I$789,'Quarterly Information'!$H$40:$H$789,Blends!$L76)*F76 -> 0 | Q76: =SUMIFS('Quarterly Information'!$I$40:$I$789,'Quarterly Information'!$H$40:$H$789,Blends!$L76)*G76 -> 0 | R76: =SUMIFS('Quarterly Information'!$I$40:$I$789,'Quarterly Information'!$H$40:$H$789,Blends!$L76)*H76 -> 0 | S76: =SUMIFS('Quarterly Information'!$I$40:$I$789,'Quarterly Information'!$H$40:$H$789,Blends!$L76)*I76 -> 0 | T76: =SUMIFS('Quarterly Information'!$I$40:$I$789,'Quarterly Information'!$H$40:$H$789,Blends!$L76)*J76 -> 0
B77: R-454B | D77: 0.689 | L77: R-454B | M77: =SUMIFS('Quarterly Information'!$I$40:$I$789,'Quarterly Information'!$H$40:$H$789,Blends!$L77)*C77 -> 0 | N77: =SUMIFS('Quarterly Information'!$I$40:$I$789,'Quarterly Information'!$H$40:$H$789,Blends!$L77)*D77 -> 0 | O77: =SUMIFS('Quarterly Information'!$I$40:$I$789,'Quarterly Information'!$H$40:$H$789,Blends!$L77)*E77 -> 0 | P77: =SUMIFS('Quarterly Information'!$I$40:$I$789,'Quarterly Information'!$H$40:$H$789,Blends!$L77)*F77 -> 0 | Q77: =SUMIFS('Quarterly Information'!$I$40:$I$789,'Quarterly Information'!$H$40:$H$789,Blends!$L77)*G77 -> 0 | R77: =SUMIFS('Quarterly Information'!$I$40:$I$789,'Quarterly Information'!$H$40:$H$789,Blends!$L77)*H77 -> 0 | S77: =SUMIFS('Quarterly Information'!$I$40:$I$789,'Quarterly Information'!$H$40:$H$789,Blends!$L77)*I77 -> 0 | T77: =SUMIFS('Quarterly Information'!$I$40:$I$789,'Quarterly Information'!$H$40:$H$789,Blends!$L77)*J77 -> 0
B78: R-454C | D78: 0.215 | L78: R-454C | M78: =SUMIFS('Quarterly Information'!$I$40:$I$789,'Quarterly Information'!$H$40:$H$789,Blends!$L78)*C78 -> 0 | N78: =SUMIFS('Quarterly Information'!$I$40:$I$789,'Quarterly Information'!$H$40:$H$789,Blends!$L78)*D78 -> 0 | O78: =SUMIFS('Quarterly Information'!$I$40:$I$789,'Quarterly Information'!$H$40:$H$789,Blends!$L78)*E78 -> 0 | P78: =SUMIFS('Quarterly Information'!$I$40:$I$789,'Quarterly Information'!$H$40:$H$789,Blends!$L78)*F78 -> 0 | Q78: =SUMIFS('Quarterly Information'!$I$40:$I$789,'Quarterly Information'!$H$40:$H$789,Blends!$L78)*G78 -> 0 | R78: =SUMIFS('Quarterly Information'!$I$40:$I$789,'Quarterly Information'!$H$40:$H$789,Blends!$L78)*H78 -> 0 | S78: =SUMIFS('Quarterly Information'!$I$40:$I$789,'Quarterly Information'!$H$40:$H$789,Blends!$L78)*I78 -> 0 | T78: =SUMIFS('Quarterly Information'!$I$40:$I$789,'Quarterly Information'!$H$40:$H$789,Blends!$L78)*J78 -> 0
B79: R-455A | D79: 0.215 | L79: R-455A | M79: =SUMIFS('Quarterly Information'!$I$40:$I$789,'Quarterly Information'!$H$40:$H$789,Blends!$L79)*C79 -> 0 | N79: =SUMIFS('Quarterly Information'!$I$40:$I$789,'Quarterly Information'!$H$40:$H$789,Blends!$L79)*D79 -> 0 | O79: =SUMIFS('Quarterly Information'!$I$40:$I$789,'Quarterly Information'!$H$40:$H$789,Blends!$L79)*E79 -> 0 | P79: =SUMIFS('Quarterly Information'!$I$40:$I$789,'Quarterly Information'!$H$40:$H$789,Blends!$L79)*F79 -> 0 | Q79: =SUMIFS('Quarterly Information'!$I$40:$I$789,'Quarterly Information'!$H$40:$H$789,Blends!$L79)*G79 -> 0 | R79: =SUMIFS('Quarterly Information'!$I$40:$I$789,'Quarterly Information'!$H$40:$H$789,Blends!$L79)*H79 -> 0 | S79: =SUMIFS('Quarterly Information'!$I$40:$I$789,'Quarterly Information'!$H$40:$H$789,Blends!$L79)*I79 -> 0 | T79: =SUMIFS('Quarterly Information'!$I$40:$I$789,'Quarterly Information'!$H$40:$H$789,Blends!$L79)*J79 -> 0
B80: R-456A | D80: 0.06 | F80: 0.45 | L80: R-456A | M80: =SUMIFS('Quarterly Information'!$I$40:$I$789,'Quarterly Information'!$H$40:$H$789,Blends!$L80)*C80 -> 0 | N80: =SUMIFS('Quarterly Information'!$I$40:$I$789,'Quarterly Information'!$H$40:$H$789,Blends!$L80)*D80 -> 0 | O80: =SUMIFS('Quarterly Information'!$I$40:$I$789,'Quarterly Information'!$H$40:$H$789,Blends!$L80)*E80 -> 0 | P80: =SUMIFS('Quarterly Information'!$I$40:$I$789,'Quarterly Information'!$H$40:$H$789,Blends!$L80)*F80 -> 0 | Q80: =SUMIFS('Quarterly Information'!$I$40:$I$789,'Quarterly Information'!$H$40:$H$789,Blends!$L80)*G80 -> 0 | R80: =SUMIFS('Quarterly Information'!$I$40:$I$789,'Quarterly Information'!$H$40:$H$789,Blends!$L80)*H80 -> 0 | S80: =SUMIFS('Quarterly Information'!$I$40:$I$789,'Quarterly Information'!$H$40:$H$789,Blends!$L80)*I80 -> 0 | T80: =SUMIFS('Quarterly Information'!$I$40:$I$789,'Quarterly Information'!$H$40:$H$789,Blends!$L80)*J80 -> 0
B81: R-457A | D81: 0.18 | H81: 0.12 | L81: R-457A | M81: =SUMIFS('Quarterly Information'!$I$40:$I$789,'Quarterly Information'!$H$40:$H$789,Blends!$L81)*C81 -> 0 | N81: =SUMIFS('Quarterly Information'!$I$40:$I$789,'Quarterly Information'!$H$40:$H$789,Blends!$L81)*D81 -> 0 | O81: =SUMIFS('Quarterly Information'!$I$40:$I$789,'Quarterly Information'!$H$40:$H$789,Blends!$L81)*E81 -> 0 | P81: =SUMIFS('Quarterly Information'!$I$40:$I$789,'Quarterly Information'!$H$40:$H$789,Blends!$L81)*F81 -> 0 | Q81: =SUMIFS('Quarterly Information'!$I$40:$I$789,'Quarterly Information'!$H$40:$H$789,Blends!$L81)*G81 -> 0 | R81: =SUMIFS('Quarterly Information'!$I$40:$I$789,'Quarterly Information'!$H$40:$H$789,Blends!$L81)*H81 -> 0 | S81: =SUMIFS('Quarterly Information'!$I$40:$I$789,'Quarterly Information'!$H$40:$H$789,Blends!$L81)*I81 -> 0 | T81: =SUMIFS('Quarterly Information'!$I$40:$I$789,'Quarterly Information'!$H$40:$H$789,Blends!$L81)*J81 -> 0
B82: R-457B | D82: 0.35 | H82: 0.1 | L82: R-457B | M82: =SUMIFS('Quarterly Information'!$I$40:$I$789,'Quarterly Information'!$H$40:$H$789,Blends!$L82)*C82 -> 0 | N82: =SUMIFS('Quarterly Information'!$I$40:$I$789,'Quarterly Information'!$H$40:$H$789,Blends!$L82)*D82 -> 0 | O82: =SUMIFS('Quarterly Information'!$I$40:$I$789,'Quarterly Information'!$H$40:$H$789,Blends!$L82)*E82 -> 0 | P82: =SUMIFS('Quarterly Information'!$I$40:$I$789,'Quarterly Information'!$H$40:$H$789,Blends!$L82)*F82 -> 0 | Q82: =SUMIFS('Quarterly Information'!$I$40:$I$789,'Quarterly Information'!$H$40:$H$789,Blends!$L82)*G82 -> 0 | R82: =SUMIFS('Quarterly Information'!$I$40:$I$789,'Quarterly Information'!$H$40:$H$789,Blends!$L82)*H82 -> 0 | S82: =SUMIFS('Quarterly Information'!$I$40:$I$789,'Quarterly Information'!$H$40:$H$789,Blends!$L82)*I82 -> 0 | T82: =SUMIFS('Quarterly Information'!$I$40:$I$789,'Quarterly Information'!$H$40:$H$789,Blends!$L82)*J82 -> 0
B83: R-458A | D83: 0.205 | E83: 0.04 | F83: 0.614 | I83: 0.135 | J83: 0.006 | L83: R-458A | M83: =SUMIFS('Quarterly Information'!$I$40:$I$789,'Quarterly Information'!$H$40:$H$789,Blends!$L83)*C83 -> 0 | N83: =SUMIFS('Quarterly Information'!$I$40:$I$789,'Quarterly Information'!$H$40:$H$789,Blends!$L83)*D83 -> 0 | O83: =SUMIFS('Quarterly Information'!$I$40:$I$789,'Quarterly Information'!$H$40:$H$789,Blends!$L83)*E83 -> 0 | P83: =SUMIFS('Quarterly Information'!$I$40:$I$789,'Quarterly Information'!$H$40:$H$789,Blends!$L83)*F83 -> 0 | Q83: =SUMIFS('Quarterly Information'!$I$40:$I$789,'Quarterly Information'!$H$40:$H$789,Blends!$L83)*G83 -> 0 | R83: =SUMIFS('Quarterly Information'!$I$40:$I$789,'Quarterly Information'!$H$40:$H$789,Blends!$L83)*H83 -> 0 | S83: =SUMIFS('Quarterly Information'!$I$40:$I$789,'Quarterly Information'!$H$40:$H$789,Blends!$L83)*I83 -> 0 | T83: =SUMIFS('Quarterly Information'!$I$40:$I$789,'Quarterly Information'!$H$40:$H$789,Blends!$L83)*J83 -> 0
B84: R-459A | D84: 0.68 | L84: R-459A | M84: =SUMIFS('Quarterly Information'!$I$40:$I$789,'Quarterly Information'!$H$40:$H$789,Blends!$L84)*C84 -> 0 | N84: =SUMIFS('Quarterly Information'!$I$40:$I$789,'Quarterly Information'!$H$40:$H$789,Blends!$L84)*D84 -> 0 | O84: =SUMIFS('Quarterly Information'!$I$40:$I$789,'Quarterly Information'!$H$40:$H$789,Blends!$L84)*E84 -> 0 | P84: =SUMIFS('Quarterly Information'!$I$40:$I$789,'Quarterly Information'!$H$40:$H$789,Blends!$L84)*F84 -> 0 | Q84: =SUMIFS('Quarterly Information'!$I$40:$I$789,'Quarterly Information'!$H$40:$H$789,Blends!$L84)*G84 -> 0 | R84: =SUMIFS('Quarterly Information'!$I$40:$I$789,'Quarterly Information'!$H$40:$H$789,Blends!$L84)*H84 -> 0 | S84: =SUMIFS('Quarterly Information'!$I$40:$I$789,'Quarterly Information'!$H$40:$H$789,Blends!$L84)*I84 -> 0 | T84: =SUMIFS('Quarterly Information'!$I$40:$I$789,'Quarterly Information'!$H$40:$H$789,Blends!$L84)*J84 -> 0
B85: R-459B | D85: 0.21 | L85: R-459B | M85: =SUMIFS('Quarterly Information'!$I$40:$I$789,'Quarterly Information'!$H$40:$H$789,Blends!$L85)*C85 -> 0 | N85: =SUMIFS('Quarterly Information'!$I$40:$I$789,'Quarterly Information'!$H$40:$H$789,Blends!$L85)*D85 -> 0 | O85: =SUMIFS('Quarterly Information'!$I$40:$I$789,'Quarterly Information'!$H$40:$H$789,Blends!$L85)*E85 -> 0 | P85: =SUMIFS('Quarterly Information'!$I$40:$I$789,'Quarterly Information'!$H$40:$H$789,Blends!$L85)*F85 -> 0 | Q85: =SUMIFS('Quarterly Information'!$I$40:$I$789,'Quarterly Information'!$H$40:$H$789,Blends!$L85)*G85 -> 0 | R85: =SUMIFS('Quarterly Information'!$I$40:$I$789,'Quarterly Information'!$H$40:$H$789,Blends!$L85)*H85 -> 0 | S85: =SUMIFS('Quarterly Information'!$I$40:$I$789,'Quarterly Information'!$H$40:$H$789,Blends!$L85)*I85 -> 0 | T85: =SUMIFS('Quarterly Information'!$I$40:$I$789,'Quarterly Information'!$H$40:$H$789,Blends!$L85)*J85 -> 0
B86: R-460A | D86: 0.12 | E86: 0.52 | F86: 0.14 | L86: R-460A | M86: =SUMIFS('Quarterly Information'!$I$40:$I$789,'Quarterly Information'!$H$40:$H$789,Blends!$L86)*C86 -> 0 | N86: =SUMIFS('Quarterly Information'!$I$40:$I$789,'Quarterly Information'!$H$40:$H$789,Blends!$L86)*D86 -> 0 | O86: =SUMIFS('Quarterly Information'!$I$40:$I$789,'Quarterly Information'!$H$40:$H$789,Blends!$L86)*E86 -> 0 | P86: =SUMIFS('Quarterly Information'!$I$40:$I$789,'Quarterly Information'!$H$40:$H$789,Blends!$L86)*F86 -> 0 | Q86: =SUMIFS('Quarterly Information'!$I$40:$I$789,'Quarterly Information'!$H$40:$H$789,Blends!$L86)*G86 -> 0 | R86: =SUMIFS('Quarterly Information'!$I$40:$I$789,'Quarterly Information'!$H$40:$H$789,Blends!$L86)*H86 -> 0 | S86: =SUMIFS('Quarterly Information'!$I$40:$I$789,'Quarterly Information'!$H$40:$H$789,Blends!$L86)*I86 -> 0 | T86: =SUMIFS('Quarterly Information'!$I$40:$I$789,'Quarterly Information'!$H$40:$H$789,Blends!$L86)*J86 -> 0
B87: R-460B | D87: 0.28 | E87: 0.25 | F87: 0.2 | L87: R-460B | M87: =SUMIFS('Quarterly Information'!$I$40:$I$789,'Quarterly Information'!$H$40:$H$789,Blends!$L87)*C87 -> 0 | N87: =SUMIFS('Quarterly Information'!$I$40:$I$789,'Quarterly Information'!$H$40:$H$789,Blends!$L87)*D87 -> 0 | O87: =SUMIFS('Quarterly Information'!$I$40:$I$789,'Quarterly Information'!$H$40:$H$789,Blends!$L87)*E87 -> 0 | P87: =SUMIFS('Quarterly Information'!$I$40:$I$789,'Quarterly Information'!$H$40:$H$789,Blends!$L87)*F87 -> 0 | Q87: =SUMIFS('Quarterly Information'!$I$40:$I$789,'Quarterly Information'!$H$40:$H$789,Blends!$L87)*G87 -> 0 | R87: =SUMIFS('Quarterly Information'!$I$40:$I$789,'Quarterly Information'!$H$40:$H$789,Blends!$L87)*H87 -> 0 | S87: =SUMIFS('Quarterly Information'!$I$40:$I$789,'Quarterly Information'!$H$40:$H$789,Blends!$L87)*I87 -> 0 | T87: =SUMIFS('Quarterly Information'!$I$40:$I$789,'Quarterly Information'!$H$40:$H$789,Blends!$L87)*J87 -> 0
B88: R-460C | D88: 0.025 | E88: 0.025 | F88: 0.46 | L88: R-460C | M88: =SUMIFS('Quarterly Information'!$I$40:$I$789,'Quarterly Information'!$H$40:$H$789,Blends!$L88)*C88 -> 0 | N88: =SUMIFS('Quarterly Information'!$I$40:$I$789,'Quarterly Information'!$H$40:$H$789,Blends!$L88)*D88 -> 0 | O88: =SUMIFS('Quarterly Information'!$I$40:$I$789,'Quarterly Information'!$H$40:$H$789,Blends!$L88)*E88 -> 0 | P88: =SUMIFS('Quarterly Information'!$I$40:$I$789,'Quarterly Information'!$H$40:$H$789,Blends!$L88)*F88 -> 0 | Q88: =SUMIFS('Quarterly Information'!$I$40:$I$789,'Quarterly Information'!$H$40:$H$789,Blends!$L88)*G88 -> 0 | R88: =SUMIFS('Quarterly Information'!$I$40:$I$789,'Quarterly Information'!$H$40:$H$789,Blends!$L88)*H88 -> 0 | S88: =SUMIFS('Quarterly Information'!$I$40:$I$789,'Quarterly Information'!$H$40:$H$789,Blends!$L88)*I88 -> 0 | T88: =SUMIFS('Quarterly Information'!$I$40:$I$789,'Quarterly Information'!$H$40:$H$789,Blends!$L88)*J88 -> 0
B89: R-461A | E89: 0.55 | F89: 0.32 | G89: 0.05 | I89: 0.05 | L89: R-461A | M89: =SUMIFS('Quarterly Information'!$I$40:$I$789,'Quarterly Information'!$H$40:$H$789,Blends!$L89)*C89 -> 0 | N89: =SUMIFS('Quarterly Information'!$I$40:$I$789,'Quarterly Information'!$H$40:$H$789,Blends!$L89)*D89 -> 0 | O89: =SUMIFS('Quarterly Information'!$I$40:$I$789,'Quarterly Information'!$H$40:$H$789,Blends!$L89)*E89 -> 0 | P89: =SUMIFS('Quarterly Information'!$I$40:$I$789,'Quarterly Information'!$H$40:$H$789,Blends!$L89)*F89 -> 0 | Q89: =SUMIFS('Quarterly Information'!$I$40:$I$789,'Quarterly Information'!$H$40:$H$789,Blends!$L89)*G89 -> 0 | R89: =SUMIFS('Quarterly Information'!$I$40:$I$789,'Quarterly Information'!$H$40:$H$789,Blends!$L89)*H89 -> 0 | S89: =SUMIFS('Quarterly Information'!$I$40:$I$789,'Quarterly Information'!$H$40:$H$789,Blends!$L89)*I89 -> 0 | T89: =SUMIFS('Quarterly Information'!$I$40:$I$789,'Quarterly Information'!$H$40:$H$789,Blends!$L89)*J89 -> 0
B90: R-462A | D90: 0.09 | E90: 0.42 | F90: 0.44 | G90: 0.02 | L90: R-462A | M90: =SUMIFS('Quarterly Information'!$I$40:$I$789,'Quarterly Information'!$H$40:$H$789,Blends!$L90)*C90 -> 0 | N90: =SUMIFS('Quarterly Information'!$I$40:$I$789,'Quarterly Information'!$H$40:$H$789,Blends!$L90)*D90 -> 0 | O90: =SUMIFS('Quarterly Information'!$I$40:$I$789,'Quarterly Information'!$H$40:$H$789,Blends!$L90)*E90 -> 0 | P90: =SUMIFS('Quarterly Information'!$I$40:$I$789,'Quarterly Information'!$H$40:$H$789,Blends!$L90)*F90 -> 0 | Q90: =SUMIFS('Quarterly Information'!$I$40:$I$789,'Quarterly Information'!$H$40:$H$789,Blends!$L90)*G90 -> 0 | R90: =SUMIFS('Quarterly Information'!$I$40:$I$789,'Quarterly Information'!$H$40:$H$789,Blends!$L90)*H90 -> 0 | S90: =SUMIFS('Quarterly Information'!$I$40:$I$789,'Quarterly Information'!$H$40:$H$789,Blends!$L90)*I90 -> 0 | T90: =SUMIFS('Quarterly Information'!$I$40:$I$789,'Quarterly Information'!$H$40:$H$789,Blends!$L90)*J90 -> 0
B91: R-463A | D91: 0.36 | E91: 0.3 | F91: 0.14 | L91: R-463A | M91: =SUMIFS('Quarterly Information'!$I$40:$I$789,'Quarterly Information'!$H$40:$H$789,Blends!$L91)*C91 -> 0 | N91: =SUMIFS('Quarterly Information'!$I$40:$I$789,'Quarterly Information'!$H$40:$H$789,Blends!$L91)*D91 -> 0 | O91: =SUMIFS('Quarterly Information'!$I$40:$I$789,'Quarterly Information'!$H$40:$H$789,Blends!$L91)*E91 -> 0 | P91: =SUMIFS('Quarterly Information'!$I$40:$I$789,'Quarterly Information'!$H$40:$H$789,Blends!$L91)*F91 -> 0 | Q91: =SUMIFS('Quarterly Information'!$I$40:$I$789,'Quarterly Information'!$H$40:$H$789,Blends!$L91)*G91 -> 0 | R91: =SUMIFS('Quarterly Information'!$I$40:$I$789,'Quarterly Information'!$H$40:$H$789,Blends!$L91)*H91 -> 0 | S91: =SUMIFS('Quarterly Information'!$I$40:$I$789,'Quarterly Information'!$H$40:$H$789,Blends!$L91)*I91 -> 0 | T91: =SUMIFS('Quarterly Information'!$I$40:$I$789,'Quarterly Information'!$H$40:$H$789,Blends!$L91)*J91 -> 0
B92: R-464A | D92: 0.27 | E92: 0.27 | I92: 0.06 | L92: R-464A | M92: =SUMIFS('Quarterly Information'!$I$40:$I$789,'Quarterly Information'!$H$40:$H$789,Blends!$L92)*C92 -> 0 | N92: =SUMIFS('Quarterly Information'!$I$40:$I$789,'Quarterly Information'!$H$40:$H$789,Blends!$L92)*D92 -> 0 | O92: =SUMIFS('Quarterly Information'!$I$40:$I$789,'Quarterly Information'!$H$40:$H$789,Blends!$L92)*E92 -> 0 | P92: =SUMIFS('Quarterly Information'!$I$40:$I$789,'Quarterly Information'!$H$40:$H$789,Blends!$L92)*F92 -> 0 | Q92: =SUMIFS('Quarterly Information'!$I$40:$I$789,'Quarterly Information'!$H$40:$H$789,Blends!$L92)*G92 -> 0 | R92: =SUMIFS('Quarterly Information'!$I$40:$I$789,'Quarterly Information'!$H$40:$H$789,Blends!$L92)*H92 -> 0 | S92: =SUMIFS('Quarterly Information'!$I$40:$I$789,'Quarterly Information'!$H$40:$H$789,Blends!$L92)*I92 -> 0 | T92: =SUMIFS('Quarterly Information'!$I$40:$I$789,'Quarterly Information'!$H$40:$H$789,Blends!$L92)*J92 -> 0
B93: R-465A | D93: 0.21 | L93: R-465A | M93: =SUMIFS('Quarterly Information'!$I$40:$I$789,'Quarterly Information'!$H$40:$H$789,Blends!$L93)*C93 -> 0 | N93: =SUMIFS('Quarterly Information'!$I$40:$I$789,'Quarterly Information'!$H$40:$H$789,Blends!$L93)*D93 -> 0 | O93: =SUMIFS('Quarterly Information'!$I$40:$I$789,'Quarterly Information'!$H$40:$H$789,Blends!$L93)*E93 -> 0 | P93: =SUMIFS('Quarterly Information'!$I$40:$I$789,'Quarterly Information'!$H$40:$H$789,Blends!$L93)*F93 -> 0 | Q93: =SUMIFS('Quarterly Information'!$I$40:$I$789,'Quarterly Information'!$H$40:$H$789,Blends!$L93)*G93 -> 0 | R93: =SUMIFS('Quarterly Information'!$I$40:$I$789,'Quarterly Information'!$H$40:$H$789,Blends!$L93)*H93 -> 0 | S93: =SUMIFS('Quarterly Information'!$I$40:$I$789,'Quarterly Information'!$H$40:$H$789,Blends!$L93)*I93 -> 0 | T93: =SUMIFS('Quarterly Information'!$I$40:$I$789,'Quarterly Information'!$H$40:$H$789,Blends!$L93)*J93 -> 0
B94: R-466A | D94: 0.49 | E94: 0.115 | L94: R-466A | M94: =SUMIFS('Quarterly Information'!$I$40:$I$789,'Quarterly Information'!$H$40:$H$789,Blends!$L94)*C94 -> 0 | N94: =SUMIFS('Quarterly Information'!$I$40:$I$789,'Quarterly Information'!$H$40:$H$789,Blends!$L94)*D94 -> 0 | O94: =SUMIFS('Quarterly Information'!$I$40:$I$789,'Quarterly Information'!$H$40:$H$789,Blends!$L94)*E94 -> 0 | P94: =SUMIFS('Quarterly Information'!$I$40:$I$789,'Quarterly Information'!$H$40:$H$789,Blends!$L94)*F94 -> 0 | Q94: =SUMIFS('Quarterly Information'!$I$40:$I$789,'Quarterly Information'!$H$40:$H$789,Blends!$L94)*G94 -> 0 | R94: =SUMIFS('Quarterly Information'!$I$40:$I$789,'Quarterly Information'!$H$40:$H$789,Blends!$L94)*H94 -> 0 | S94: =SUMIFS('Quarterly Information'!$I$40:$I$789,'Quarterly Information'!$H$40:$H$789,Blends!$L94)*I94 -> 0 | T94: =SUMIFS('Quarterly Information'!$I$40:$I$789,'Quarterly Information'!$H$40:$H$789,Blends!$L94)*J94 -> 0
B95: R-467A | D95: 0.22 | E95: 0.05 | F95: 0.724 | L95: R-467A | M95: =SUMIFS('Quarterly Information'!$I$40:$I$789,'Quarterly Information'!$H$40:$H$789,Blends!$L95)*C95 -> 0 | N95: =SUMIFS('Quarterly Information'!$I$40:$I$789,'Quarterly Information'!$H$40:$H$789,Blends!$L95)*D95 -> 0 | O95: =SUMIFS('Quarterly Information'!$I$40:$I$789,'Quarterly Information'!$H$40:$H$789,Blends!$L95)*E95 -> 0 | P95: =SUMIFS('Quarterly Information'!$I$40:$I$789,'Quarterly Information'!$H$40:$H$789,Blends!$L95)*F95 -> 0 | Q95: =SUMIFS('Quarterly Information'!$I$40:$I$789,'Quarterly Information'!$H$40:$H$789,Blends!$L95)*G95 -> 0 | R95: =SUMIFS('Quarterly Information'!$I$40:$I$789,'Quarterly Information'!$H$40:$H$789,Blends!$L95)*H95 -> 0 | S95: =SUMIFS('Quarterly Information'!$I$40:$I$789,'Quarterly Information'!$H$40:$H$789,Blends!$L95)*I95 -> 0 | T95: =SUMIFS('Quarterly Information'!$I$40:$I$789,'Quarterly Information'!$H$40:$H$789,Blends!$L95)*J95 -> 0
B96: R-468A | D96: 0.215 | L96: R-468A | M96: =SUMIFS('Quarterly Information'!$I$40:$I$789,'Quarterly Information'!$H$40:$H$789,Blends!$L96)*C96 -> 0 | N96: =SUMIFS('Quarterly Information'!$I$40:$I$789,'Quarterly Information'!$H$40:$H$789,Blends!$L96)*D96 -> 0 | O96: =SUMIFS('Quarterly Information'!$I$40:$I$789,'Quarterly Information'!$H$40:$H$789,Blends!$L96)*E96 -> 0 | P96: =SUMIFS('Quarterly Information'!$I$40:$I$789,'Quarterly Information'!$H$40:$H$789,Blends!$L96)*F96 -> 0 | Q96: =SUMIFS('Quarterly Information'!$I$40:$I$789,'Quarterly Information'!$H$40:$H$789,Blends!$L96)*G96 -> 0 | R96: =SUMIFS('Quarterly Information'!$I$40:$I$789,'Quarterly Information'!$H$40:$H$789,Blends!$L96)*H96 -> 0 | S96: =SUMIFS('Quarterly Information'!$I$40:$I$789,'Quarterly Information'!$H$40:$H$789,Blends!$L96)*I96 -> 0 | T96: =SUMIFS('Quarterly Information'!$I$40:$I$789,'Quarterly Information'!$H$40:$H$789,Blends!$L96)*J96 -> 0
B97: R-469A | D97: 0.325 | E97: 0.325 | L97: R-469A | M97: =SUMIFS('Quarterly Information'!$I$40:$I$789,'Quarterly Information'!$H$40:$H$789,Blends!$L97)*C97 -> 0 | N97: =SUMIFS('Quarterly Information'!$I$40:$I$789,'Quarterly Information'!$H$40:$H$789,Blends!$L97)*D97 -> 0 | O97: =SUMIFS('Quarterly Information'!$I$40:$I$789,'Quarterly Information'!$H$40:$H$789,Blends!$L97)*E97 -> 0 | P97: =SUMIFS('Quarterly Information'!$I$40:$I$789,'Quarterly Information'!$H$40:$H$789,Blends!$L97)*F97 -> 0 | Q97: =SUMIFS('Quarterly Information'!$I$40:$I$789,'Quarterly Information'!$H$40:$H$789,Blends!$L97)*G97 -> 0 | R97: =SUMIFS('Quarterly Information'!$I$40:$I$789,'Quarterly Information'!$H$40:$H$789,Blends!$L97)*H97 -> 0 | S97: =SUMIFS('Quarterly Information'!$I$40:$I$789,'Quarterly Information'!$H$40:$H$789,Blends!$L97)*I97 -> 0 | T97: =SUMIFS('Quarterly Information'!$I$40:$I$789,'Quarterly Information'!$H$40:$H$789,Blends!$L97)*J97 -> 0
B98: R-470A | D98: 0.17 | E98: 0.19 | F98: 0.07 | I98: 0.03 | L98: R-470A | M98: =SUMIFS('Quarterly Information'!$I$40:$I$789,'Quarterly Information'!$H$40:$H$789,Blends!$L98)*C98 -> 0 | N98: =SUMIFS('Quarterly Information'!$I$40:$I$789,'Quarterly Information'!$H$40:$H$789,Blends!$L98)*D98 -> 0 | O98: =SUMIFS('Quarterly Information'!$I$40:$I$789,'Quarterly Information'!$H$40:$H$789,Blends!$L98)*E98 -> 0 | P98: =SUMIFS('Quarterly Information'!$I$40:$I$789,'Quarterly Information'!$H$40:$H$789,Blends!$L98)*F98 -> 0 | Q98: =SUMIFS('Quarterly Information'!$I$40:$I$789,'Quarterly Information'!$H$40:$H$789,Blends!$L98)*G98 -> 0 | R98: =SUMIFS('Quarterly Information'!$I$40:$I$789,'Quarterly Information'!$H$40:$H$789,Blends!$L98)*H98 -> 0 | S98: =SUMIFS('Quarterly Information'!$I$40:$I$789,'Quarterly Information'!$H$40:$H$789,Blends!$L98)*I98 -> 0 | T98: =SUMIFS('Quarterly Information'!$I$40:$I$789,'Quarterly Information'!$H$40:$H$789,Blends!$L98)*J98 -> 0
B99: R-470B | D99: 0.115 | E99: 0.115 | F99: 0.03 | I99: 0.07 | L99: R-470B | M99: =SUMIFS('Quarterly Information'!$I$40:$I$789,'Quarterly Information'!$H$40:$H$789,Blends!$L99)*C99 -> 0 | N99: =SUMIFS('Quarterly Information'!$I$40:$I$789,'Quarterly Information'!$H$40:$H$789,Blends!$L99)*D99 -> 0 | O99: =SUMIFS('Quarterly Information'!$I$40:$I$789,'Quarterly Information'!$H$40:$H$789,Blends!$L99)*E99 -> 0 | P99: =SUMIFS('Quarterly Information'!$I$40:$I$789,'Quarterly Information'!$H$40:$H$789,Blends!$L99)*F99 -> 0 | Q99: =SUMIFS('Quarterly Information'!$I$40:$I$789,'Quarterly Information'!$H$40:$H$789,Blends!$L99)*G99 -> 0 | R99: =SUMIFS('Quarterly Information'!$I$40:$I$789,'Quarterly Information'!$H$40:$H$789,Blends!$L99)*H99 -> 0 | S99: =SUMIFS('Quarterly Information'!$I$40:$I$789,'Quarterly Information'!$H$40:$H$789,Blends!$L99)*I99 -> 0 | T99: =SUMIFS('Quarterly Information'!$I$40:$I$789,'Quarterly Information'!$H$40:$H$789,Blends!$L99)*J99 -> 0
B100: R-471A | I100: 0.043 | L100: R-471A | M100: =SUMIFS('Quarterly Information'!$I$40:$I$789,'Quarterly Information'!$H$40:$H$789,Blends!$L100)*C100 -> 0 | N100: =SUMIFS('Quarterly Information'!$I$40:$I$789,'Quarterly Information'!$H$40:$H$789,Blends!$L100)*D100 -> 0 | O100: =SUMIFS('Quarterly Information'!$I$40:$I$789,'Quarterly Information'!$H$40:$H$789,Blends!$L100)*E100 -> 0 | P100: =SUMIFS('Quarterly Information'!$I$40:$I$789,'Quarterly Information'!$H$40:$H$789,Blends!$L100)*F100 -> 0 | Q100: =SUMIFS('Quarterly Information'!$I$40:$I$789,'Quarterly Information'!$H$40:$H$789,Blends!$L100)*G100 -> 0 | R100: =SUMIFS('Quarterly Information'!$I$40:$I$789,'Quarterly Information'!$H$40:$H$789,Blends!$L100)*H100 -> 0 | S100: =SUMIFS('Quarterly Information'!$I$40:$I$789,'Quarterly Information'!$H$40:$H$789,Blends!$L100)*I100 -> 0 | T100: =SUMIFS('Quarterly Information'!$I$40:$I$789,'Quarterly Information'!$H$40:$H$789,Blends!$L100)*J100 -> 0
...
